 Dungeon Crawl Stone Soup version 0.16-a0-1009-g0339a9e (webtiles) character file.

1201936 Kashira the Miracle Worker (level 27, -9/116 (134) HPs)
             Began as a Felid Ice Elementalist on Sept 30, 2014.
             Was a Priest of Kikubaaqudgha.
             Killed from afar by Antaeus (40 damage)
             ... with a flash freeze
             ... on Level 7 of Cocytus on Oct 3, 2014.
             The game lasted 1day 08:39:57 (287815 turns).

Kashira the Miracle Worker (FeIE)              Turns: 287815, Time: 1, 08:39:57

HP  -9/116 (134) AC 12     Str  3      XL: 27
MP  13/35        EV 43     Int 20      God: Kikubaaqudgha [***...]
Gold 12847       SH  0     Dex 23      Spells: 20 memorised,  2 levels left
Lives: 0, deaths: 5

rFire  + . .     SeeInvis +       - Unarmed
rCold  + + +     Rnd*Rage +     (armour unavailable)
rNeg   + . .     rCorr    .     (shield unavailable)
rPois  .         rRot     .     (helmet unavailable)
rElec  .         Spirit   .     (cloak unavailable)
SustAb +         Warding  +     (gloves unavailable)
rMut   .         Stasis   .     (boots unavailable)
Gourm  .                        h - cursed brooch of Shielding {Ward rN+ AC+4 EV+4}
MR     +++++                    Z - cursed ring of Chyh {rC++ SInv Stlth+}
                                s - cursed ring of sustain abilities

@: flying, quick, almost entirely resistant to hostile enchantments, uncannily
stealthy
A: paw claws, no armour, no weapons or thrown items, fangs 3, molten scales 1,
thin metallic scales 1, yellow scales 1, camouflage 1, see invisible, berserk 3,
blink 1, carnivore 3, clumsy 1, deformed body, deterioration 2, fire resistance
1, speed 1, frail 1, low mp 3, magic resistance 1, shaggy fur 3, slow metabolism
1, weak 1, wild magic 1, jump 3
a: Jump Attack, Blink, Receive Corpses, Renounce Religion
}: 13/15 runes: decaying, slimy, silver, golden, iron, obsidian, abyssal,
demonic, glowing, magical, fiery, dark, gossamer


You were on level 7 of Cocytus.
You worshipped Kikubaaqudgha.
Kikubaaqudgha was most pleased with you.
You were not hungry.

You visited 18 branches of the dungeon, and saw 95 of its levels.
You visited Pandemonium 2 times, and saw 14 of its levels.
You visited the Abyss 9 times.
You visited 1 ziggurat, and saw 10 of its levels.
You also visited: Labyrinth, Trove and Wizlab.

You collected 17266 gold pieces.
You spent 3721 gold pieces at shops.

Inventory:

Magical devices
 b - a wand of digging (7)
 e - a wand of hasting (7)
 f - a wand of cold (11)
 o - a wand of draining (0)
 q - a wand of fireball (4)
 w - a wand of fire (2)
 y - a wand of fire (0)
 z - a wand of fire (6)
 A - a wand of lightning (2)
 S - a wand of teleportation (7)
Comestibles
 a - 16 meat rations
 m - 3 beef jerkies
 u - 6 royal jellies
 P - 4 slices of pizza
Scrolls
 g - a scroll of summoning
 j - a scroll of silence
 p - 27 scrolls of identify
 t - 4 scrolls of holy word
 B - a scroll of magic mapping
 O - 3 scrolls of blinking
 R - 15 scrolls of teleportation
 T - 29 scrolls of remove curse
Jewellery
 h - the cursed brooch of Shielding (around neck) {Ward rN+ AC+4 EV+4}
   (You bought it in a shop on level 3 of the Orcish Mines)

   [amulet of warding]

   It may prevent the melee attacks of summoned creatures.
   It affects your AC (+4).
   It affects your evasion (+4).
   It protects you from negative energy.
   It has a curse placed upon it.
 s - a cursed ring of sustain abilities (left paw)
 v - the ring "Araeh" {+/*Tele Dex-3, unknown}
   (You found it on level 7 of Cocytus)

   [ring of teleportation]

   It causes random teleportation, and can be evoked to teleport at will.
   It affects your dexterity (-3).
 x - a cursed ring of protection from fire
 C - the ring of Nanorili {MP+9 Dex+3 Int+2}
   (You found it on level 5 of the Vaults)

   [ring of magical power]

   It affects your intelligence (+2).
   It affects your dexterity (+3).
   It affects your magic capacity (+9).
 D - the ring "Xukiskai" {+Rage +Inv rPois}
   (You acquired it on level 2 of the Lair of Beasts)

   [ring of invisibility]

   It protects you from poison.
   It lets you turn invisible.
   It lets you go berserk.
 E - a cursed amulet of resist mutation
 M - the amulet of Stratuucs {rCorr +Rage rC+ rN+ MR+}
   (You took it off a yaktaur captain on level 5 of the Vaults)

   [amulet of resist corrosion]

   It protects you from acid and corrosion.
   It protects you from cold.
   It protects you from negative energy.
   It affects your resistance to hostile enchantments.
   It lets you go berserk.
 Q - an uncursed ring of wizardry
 U - the ring "Schem" {rPois rN+ Int+3 SInv}
   (You found it on level 7 of Gehenna)

   [ring of intelligence]

   It affects your intelligence (+3).
   It protects you from poison.
   It protects you from negative energy.
   It enhances your eyesight.
 Z - the cursed ring of Chyh (right paw) {rC++ SInv Stlth+}
   (You found it on level 5 of the Vaults)

   [ring of stealth]

   It greatly protects you from cold.
   It enhances your eyesight.
   It makes you more stealthy.
   It has a curse placed upon it.
Potions
 c - 4 potions of haste
 i - 2 potions of restore abilities
 n - 4 potions of resistance
 V - 18 potions of curing
Miscellaneous
 d - a fan of gales
 k - a plain deck of wonders {the Helix}
 l - a phial of floods
 r - a phial of floods
 F - a plain deck of wonders {the Mercenary, drawn: 2}
 H - a legendary deck of defence {the Helm, drawn: 1}
 I - a lamp of fire
 J - a sack of spiders {used: 1}
 K - a lantern of shadows
 L - a sack of spiders {used: 2}
 N - a phial of floods
 W - a plain deck of defence {the Tomb}
 X - a lamp of fire (inert)
 Y - a lamp of fire


   Skills:
 O Level 27 Fighting
 - Level 21.0 Dodging
 + Level 24.7 Stealth
 - Level 11.1 Unarmed Combat
 O Level 27 Spellcasting
 - Level 13.6 Conjurations
 - Level 0.8 Hexes
 O Level 27 Charms
 - Level 6.6 Summonings
 - Level 23.0 Necromancy
 - Level 2.0 Translocations
 - Level 17.0 Ice Magic
 - Level 8.0 Air Magic
   Level 12.0 Invocations
 - Level 23.1 Evocations


You had 2 spell levels left.
You knew the following spells:

 Your Spells              Type           Power        Failure   Level  Hunger
a - Freeze                Ice            ####         1%          1    None
b - Corona                Hex            #####..      3%          1    None
c - Ozocubu's Armour      Chrm/Ice       ########     1%          3    None
d - Condensation Shield   Ice            #######...   1%          4    None
e - Throw Icicle          Conj/Ice       #######.     1%          4    None
f - Freezing Cloud        Conj/Ice/Air   #######...   3%          6    #......
g - Animate Dead          Necr           N/A          1%          4    None
h - Recall                Summ/Tloc      N/A          3%          3    None
i - Dispel Undead         Necr           ########     1%          5    None
j - Haste                 Chrm           ########     1%          6    #......
k - Repel Missiles        Chrm/Air       ######       1%          2    None
l - Bolt of Draining      Conj/Necr      ########..   1%          5    None
m - Simulacrum            Ice/Necr       ########..   1%          6    #......
n - Shroud of Golubria    Chrm/Tloc      #######...   1%          2    None
o - Ozocubu's Refrigerat  Ice            #######...   1%          6    #......
p - Control Undead        Necr           ########..   1%          4    None
q - Death's Door          Chrm/Necr      ########..   3%          8    ######.
r - Apportation           Tloc           ######....   3%          1    None
s - Flight                Chrm/Air       #######...   1%          3    None
t - Control Teleport      Chrm/Tloc      #######...   1%          4    None


Dungeon Overview and Level Annotations

Branches:
Dungeon (15/15)            Temple (1/1) D:7             Orc (4/4) D:11
    Elf (3/3) Orc:4          Lair (8/8) D:9           Swamp (5/5) Lair:6
 Spider (5/5) Lair:4        Slime (6/6) Lair:6       Vaults (5/5) D:13
  Crypt (3/3) Vaults:3       Tomb (3/3) Crypt:3      Depths (5/5) D:15
   Hell (1/1)                 Dis (7/7) Hell            Geh (7/7) Hell
    Coc (7/7) Hell            Tar (5/7) Hell            Zot (5/5) Depths:5

Altars:
Ashenzari
Cheibriados
Dithmenos
Elyvilon
Fedhas
Gozag
Kikubaaqudgha
Makhleb
Nemelex Xobeh
Okawaru
Qazlal
Ru
Sif Muna
Trog
Vehumet
Xom
Yredelemnul
Zin
The Shining One
Beogh
Jiyva
Lugonu

Shops:
D:4 =}*   Orc:2 }   Orc:3 =   Orc:4 [:[(*   Vaults:5 (   Depths:1 (
Depths:5 [

Portals:
Abyss: Depths:1 Depths:2 Depths:4 Depths:5
Pandemonium: Depths:3 Depths:4 Depths:5

Annotations:
Lair:4 exclusion: ice statue
Swamp:5 Jorgrun
Dis:7 Dispater, Serpent of
Hell
Geh:7 Asmodeus
Coc:7 Antaeus


Innate Abilities, Weirdness & Mutations

You cannot wear armour.
You are incapable of wielding weapons or throwing items.
Your paws have sharp claws.
You have razor-sharp teeth.
You have supernaturally acute eyesight.
You are carnivorous and can eat meat at any time.
You cover ground quickly.
Your thick and shaggy fur keeps you warm (AC +3, rC+).
You have a slow metabolism.
You can jump attack at a long distance.
You are partially covered in molten scales (AC +1).
You are partially covered in thin metallic scales (AC +2).
You are partially covered in yellow scales (AC +2).
Your skin changes colour to match your surroundings (Stealth).
You have an uncontrollable temper.
You can translocate small distances at will.
You are clumsy. (Dex -2)
Your body is misshapen.
Your body is deteriorating.
Your flesh is heat resistant.
You are frail (-10% HP).
Your magical capacity is extremely low (-30% MP).
You are resistant to hostile enchantments.
You are weak. (Str -2)
Your spells are a little harder to cast, but a little more powerful.


Message History

You see a puff of smoke. x2
The shadow is engulfed in roaring flames.
Unknown command.
The shadow is engulfed in roaring flames.
Your shadow hits Antaeus. Antaeus throws ice at you. The flash freeze hits you!
You partially resist.
* * * LOW HITPOINT WARNING * * *
You are encased in ice.
The shadow is engulfed in roaring flames.
You destroy the shadow!
Your shadow slips into darkness for a moment.
The snapping turtle zombie is engulfed in roaring flames.
The ice encasing you melts away. Antaeus throws lightning at you.
The bolt of lightning misses you. Antaeus throws ice at you.
The flash freeze hits you! You partially resist.
You die...
Kikubaaqudgha rasps: "You have failed me!
Welcome... death!"

≈#..Z'.#### #≈≈≈≈≈≈...#
≈##Z.###≈≈## ##≈≈ZC§W...#
≈≈#####≈≈≈≈#####≈≈≈≈§≈§...#
≈≈≈≈≈≈≈≈≈≈≈≈≈≈≈≈≈≈§≈≈.W..##
≈≈≈≈≈≈≈≈≈≈≈≈≈≈≈≈≈≈≈.....##
Z.Z≈≈≈≈≈≈≈≈≈≈≈≈≈.......##
.....Z≈≈Z≈≈≈..........##
⌠Z...Z...........⌠...##
%...............@...##
##################### .....
.... ≈≈≈≈ ≈≈≈ ≈≈


You could see Antaeus, a snapping turtle zombie and a friendly shadow
(invisible).

Vanquished Creatures
  the royal jelly (Slime:6)
  A pandemonium lord (Zig:10)
  29 greater mummies
  13 ancient liches
  A curse toe (Zot:5)
  4 Killer Klowns
  Jory (Tomb:1)
  12 golden dragons
  2 electric golems
  3 profane servitors
  3 Brimstone Fiends
  6 bone dragons
  6 Ice Fiends
  6 titans
  An Orb Guardian (Zot:5)
  2 deep elf blademasters (Elf:3)
  2 quicksilver dragons
  15 tentacled monstrosities
  2 deep elf master archers (Elf:3)
  An Executioner (Pan)
  15 storm dragons
  14 tentacled starspawn
  28 acid blobs
  18 liches
  An octopode crusher (Depths:3)
  5 tengu reavers
  3 shadow dragons
  12 sphinxes
  A revenant (Crypt:1)
  5 draconian monks
  17 ancient champions
  4 fire giants
  6 greater nagas
  15 azure jellies
  Donald (Elf:3)
  3 frost giants
  2 iron dragons
  6 vault wardens
  10 draconian scorchers
  8 deep elf sorcerers
  9 draconian knights
  3 curse skulls (Crypt:3)
  7 ghost moths
  A cacodemon (Pan)
  10 balrugs
  6 draconian zealots
  3 emperor scorpions
  8 ghouls
  3 war gargoyles
  11 draconian annihilators
  11 draconian shifters
  3 reapers
  7 deep elf demonologists
  An ophan (Abyss:2)
  23 very ugly things
  6 draconian callers
  17 stone giants
  2 bennus (Tomb:2)
  5 lorocyprocas
  10 green draconians
  A corrupter (Pan)
  3 salamander firebrands
  8 grey draconians
  9 dire elephants
  11 deep elf annihilators
  6 rakshasas
  8 yellow draconians
  8 vampire knights
  12 red draconians
  8 white draconians
  16 mottled draconians
  7 pale draconians
  12 black draconians
  13 purple draconians
  5 eidola
  A chaos champion (Zig:10)
  Snorg (Lair:8)
  5 unborn
  A merfolk javelineer (Depths:3)
  21 vault guards
  17 jiangshi
  26 fire dragons
  11 ettins
  17 deep elf death magi
  4 green deaths
  34 mummy priests
  10 death oozes
  4 minotaurs
  2 quicksilver dragon zombies
  2 merfolk impalers
  12 yaktaur captains
  3 deep elf high priests (Elf:3)
  13 great orbs of eyes
  15 death cobs
  3 spriggan air magi
  9 ironheart preservers
  A naga warrior (Zig:3)
  8 centaur warriors
  13 hydras
  A monstrous demonspawn (Pan)
  3 quicksilver dragon skeletons
  3 anacondas
  Nessos (Spider:2)
  6 deep troll earth magi
  A shambling mangrove (Swamp:5)
  Erica (Lair:7)
  4 ghost crabs
  20 ice dragons
  2 anacondas (shapeshifter)
  13 dancing weapons (Elf:2)
  7 alligators
  5 death knights
  12 death yaks
  4 vampire magi
  8 deep troll shamans
  3 tengu warriors (Depths:3)
  9 hell hogs
  2 thrashing horrors
  5 spriggan berserkers
  5 titan zombies
  14 ogre magi
  2 naga sharpshooters (Zig:9)
  2 orc high priests (Orc:4)
  4 shock serpents
  18 hell knights
  A catoblepas (Lair:5)
  2 storm dragon zombies
  15 sun demons
  7 soul eaters
  5 wretched stars
  3 death drakes (Zot:2)
  19 deep elf knights
  5 giant orange brains
  3 titan skeletons
  4 salamander mystics (Depths:3)
  6 shadow wraiths
  An iron troll (Depths:3)
  A death drake (shapeshifter) (Elf:1)
  An iron troll (shapeshifter) (Depths:2)
  49 large abominations
  A golden dragon zombie (Depths:1)
  A ghost moth zombie (Crypt:1)
  8 unseen horrors
  An ice devil (Coc:7)
  3 storm dragon skeletons
  A fire crab (Vaults:2)
  69 skeletal warriors
  A cherub (Abyss:3)
  4 anaconda zombies
  A spriggan druid (Swamp:5)
  2 shadow demons
  2 anaconda skeletons
  8 deep elf summoners
  2 torturous demonspawn (Pan)
  7 swamp dragons
  43 hellions
  19 necromancers
  18 deep elf conjurers
  11 orb spiders
  5 wolf spider zombies
  16 flayed ghosts
  3 infernal demonspawn (Pan)
  16 ironbrand convokers
  3 hill giants
  A putrid demonspawn (Pan)
  4 golden dragon skeletons
  2 tengu zombies
  2 shadow dragon zombies
  11 orc knights
  A sphinx zombie (Crypt:1)
  28 deep trolls
  A lindwurm (shapeshifter) (Depths:3)
  4 orc sorcerers
  2 frost giant zombies
  2 manticores
  3 red wasps
  55 ugly things
  12 sixfirhies
  5 fire giant zombies
  11 shining eyes
  5 cyclopes
  5 griffons
  A wolf spider (shapeshifter) (D:13)
  A hell beast (Hell)
  3 shadow dragon skeletons
  4 wizards
  3 cyclopes (shapeshifter)
  12 wolf spiders
  A stone giant zombie (Geh:1)
  196 slime creatures
  A shining eye (shapeshifter) (Zig:10)
  2 spectral spriggans
  7 black mambas
  42 moths of wrath
  15 phantasmal warriors
  2 mana vipers
  4 elephants (Lair:8)
  2 fire giant skeletons
  2 iron dragon skeletons
  A guardian serpent (shapeshifter) (Vaults:3)
  5 worldbinders
  Maurice (D:12)
  A guardian serpent (Abyss:2)
  A shock serpent zombie (Crypt:1)
  9 vault sentinels
  2 stone giant skeletons
  30 smoke demons
  3 apocalypse crabs
  14 spiny frogs
  4 dire elephant zombies
  3 frost giant skeletons
  6 eyes of devastation
  An iron devil (Vaults:4)
  A dire elephant skeleton (Abyss:1)
  A mottled draconian zombie (Zot:2)
  4 torpor snails
  4 tormentors
  A pale draconian zombie (Crypt:3)
  A centaur skeleton (D:11)
  4 fire drakes
  A gargoyle (D:14)
  14 efreet
  13 orange demons
  An emperor scorpion zombie (Depths:2)
  7 kobold demonologists
  A komodo dragon (shapeshifter) (Vaults:1)
  4 demonic crawlers
  2 naga magi
  3 elf skeletons
  6 komodo dragons
  5 spectral swamp worms (Depths:2)
  An elf (shapeshifter) (Elf:3)
  3 yaktaur skeletons
  An anaconda simulacrum (Coc:7)
  4 tengu conjurers
  A golden dragon simulacrum (Abyss:2)
  3 spriggan skeletons
  60 yaktaurs
  A polar bear (Lair:4)
  A silent spectre (Abyss:3)
  9 trolls
  16 ancient zymes
  A harpy zombie (Dis:7)
  3 queen bees
  26 fire elementals
  102 guardian mummies
  9 jumping spiders
  10 hydra zombies
  18 red devils
  Sonja (Orc:4)
  13 deep elf priests
  3 blue devils
  A ghoul skeleton (Depths:2)
  A wind drake (shapeshifter) (Depths:1)
  A blink frog (shapeshifter) (Depths:2)
  27 two-headed ogres
  A troll (shapeshifter) (Abyss:2)
  A jumping spider zombie (Crypt:3)
  20 freezing wraiths
  13 hellwings
  22 raiju
  6 bog bodies
  2 fire dragon zombies
  A snapping turtle (Abyss:1)
  13 ravens
  2 hydra skeletons
  2 ettin zombies
  A wolf spider simulacrum (Crypt:1)
  3 alligator zombies
  An ugly thing zombie (Vaults:1)
  A minotaur skeleton (Crypt:1)
  3 giant leeches
  A fire giant simulacrum (Vaults:5)
  2 black mamba zombies
  3 boulder beetles
  7 trapdoor spiders
  15 wraiths
  3 air elementals
  7 elf zombies
  2 redbacks (shapeshifter)
  A catoblepas skeleton (Depths:5)
  An ice dragon zombie (Tomb:1)
  6 basilisks
  14 blink frogs
  4 spriggans
  9 ynoxinuls
  5 fire dragon skeletons
  48 flying skulls
  9 water elementals
  An ettin skeleton (Abyss:3)
  24 redbacks
  38 shadows
  3 ice dragon skeletons
  A deep troll skeleton (Depths:4)
  34 yaks
  A black mamba skeleton (Abyss:1)
  16 vampires
  2 alligator skeletons
  5 hungry ghosts
  A human (shapeshifter) (Elf:1)
  A steam dragon (shapeshifter) (Depths:2)
  28 deep elf magi
  20 golden eyes
  10 humans
  A giant leech zombie (Crypt:1)
  25 neqoxecs
  3 wyverns
  5 fire bats
  15 chaos spawn
  7 tarantellas
  A tarantella (shapeshifter) (Depths:1)
  21 swamp worms
  A hill giant skeleton (Crypt:3)
  A wind drake skeleton (Crypt:2)
  12 wolves
  35 deep elf fighters
  3 hydra simulacra
  A deep troll zombie (Vaults:5)
  6 spatial vortices
  10 hippogriffs
  3 nagas
  A raven zombie (Crypt:2)
  A harpy simulacrum (Crypt:1)
  2 mottled dragons
  50 vampire mosquitoes
  22 water moccasins
  21 hell hounds
  5 wargs
  12 human zombies
  A fire dragon simulacrum (Crypt:1)
  A spiny frog zombie (Coc:1)
  31 orc warriors
  6 yellow wasps
  56 small abominations
  A human simulacrum (Vaults:2)
  18 swamp drakes
  A black mamba simulacrum (Crypt:2)
  8 spiders (Lair:4)
  2 swamp dragon zombies
  10 porcupines
  2 snapping turtle zombies
  4 spiny frog skeletons
  67 ogres
  4 sky beasts
  2 ghost crab zombies
  5 manticore zombies
  11 ice beasts
  2 sky beasts (shapeshifter)
  9 necrophages
  A lindwurm skeleton (Crypt:1)
  2 phantoms
  An ettin simulacrum (Crypt:1)
  An ice dragon simulacrum (Tomb:3)
  A black bear (shapeshifter) (Vaults:5)
  A snapping turtle skeleton (Geh:7)
  24 centaurs
  4 boring beetles
  A blink frog zombie (Lair:5)
  2 swamp dragon skeletons
  A boring beetle (shapeshifter) (Depths:3)
  A human skeleton (Vaults:2)
  5 lost souls
  18 boggarts
  19 crocodiles
  2 manticore skeletons
  Duvessa (D:5)
  8 vampire mosquito zombies
  2 yaktaur zombies
  A chimera zombie (Crypt:1)
  Blork the orc (D:4)
  17 giant frogs
  A brain worm (Abyss:1)
  2 draconian zombies
  A glowing shapeshifter simulacrum (Vaults:1)
  6 water moccasin zombies
  8 big kobolds
  11 insubstantial wisps
  11 eyes of draining
  4 troll zombies
  2 hippogriff zombies
  A warg zombie (Orc:1)
  10 yak zombies
  3 scorpions
  A boulder beetle zombie (Orc:2)
  A water moccasin skeleton (D:5)
  62 killer bees
  40 wights
  A wolf zombie (Lair:3)
  3 electric eels
  A torpor snail simulacrum (Depths:1)
  14 crimson imps
  12 iron imps
  3 giant frog zombies
  4 centaur zombies
  Dowan (D:5)
  19 hounds
  19 starcursed masses
  A giant frog skeleton (D:4)
  4 goliath beetles
  A formicid zombie (Crypt:2)
  30 jellies
  2 kobold zombies (D:15)
  12 quasits
  Crazy Yiuf (D:7)
  20 orc priests
  11 iguanas
  3 two-headed ogre zombies
  32 orc wizards
  Natasha (twice) (D:4)
  7 orange rats
  A porcupine zombie (Lair:3)
  19 worker ants
  3 crocodile zombies
  A mottled dragon zombie (D:11)
  19 sheep
  7 ogre zombies
  2 ogre skeletons
  A hound skeleton (D:11)
  A necrophage skeleton (Geh:2)
  59 mummies
  12 gnolls
  25 adders
  2 scorpion zombies
  A worker ant zombie (D:7)
  54 green rats
  5 shadow imps
  A swamp drake skeleton (Swamp:5)
  3 giant mites
  13 white imps
  22 ufetubi
  3 worms
  22 orc zombies
  An adder zombie (D:7)
  A chimera (Spider:1)
  An adder skeleton (Lair:8)
  7 giant geckos
  3 oozes
  An ooze (shapeshifter) (Vaults:4)
  109 orcs
  A bat skeleton (D:5)
  A bat zombie (D:5)
  5 giant cockroaches
  2 gnoll skeletons
  16 goblins
  24 hobgoblins
  3 jackals (D:8)
  18 quokkas
  5 ball pythons
  29 bats
  A giant gecko zombie (Crypt:2)
  2 giant newts
  2 goblin zombies
  4 green rat zombies
  A hobgoblin zombie (D:11)
  38 kobolds
  A kobold skeleton (D:4)
  2 lurking horrors
  2 orc skeletons
  A quokka skeleton (D:9)
  16 rats
  A rat zombie (D:5)
  5 ballistomycetes (D:7)
  A briar patch (Swamp:5)
  4 bushes (Abyss:1)
  7 crawling corpses
  8 fungi
  A macabre mass (Elf:3)
  11 plants
  15 starspawn tentacles
  A starspawn tentacle segment (Abyss:2)
4262 creatures vanquished.

Vanquished Creatures (collateral kills)
  Gloorx Vloq (Pan)
  Mnoleg (Pan)
  4 orbs of fire (Zot:5)
  2 ancient liches (Abyss:1)
  2 greater mummies
  Sojobo (Vaults:2)
  Norris (Spider:2)
  3 Killer Klowns
  Mennas (Vaults:4)
  Geryon (Hell)
  5 golden dragons
  16 bone dragons
  Xtahua (Depths:4)
  5 profane servitors
  4 electric golems
  Arachne (Spider:3)
  28 Brimstone Fiends
  13 Hell Sentinels
  The ghost of Armakuni the Fencer, a mighty HuFi of Okawaru (Vaults:4)
  8 liches
  21 Ice Fiends
  2 hellephants
  16 tentacled monstrosities
  16 Orb Guardians (Zot:5)
  3 titans
  4 quicksilver dragons
  2 acid blobs (Slime:6)
  11 Shadow Fiends
  2 eldritch tentacles
  8 sphinxes
  8 storm dragons
  41 tentacled starspawn
  An octopode crusher (Depths:3)
  Rupert (D:13)
  6 warmongers (Pan)
  3 thorn hunters (Swamp:5)
  5 shadow dragons
  23 Executioners
  Kirke (D:14)
  A daeva (Abyss:1)
  2 revenants
  3 azure jellies
  6 pandemonium lords (Pan)
  2 draconian scorchers
  Wiglaf (Spider:4)
  6 vault wardens
  11 frost giants
  Maud (Lair:4)
  3 black suns (Pan)
  7 tengu reavers
  44 cacodemons
  A draconian knight (Zot:1)
  5 ghost moths
  2 deep elf sorcerers
  9 iron dragons
  Aizul (Spider:2)
  Louise (Spider:3)
  9 emperor scorpions
  11 fire giants
  A greater naga (Zig:7)
  2 spriggan defenders (Depths:3)
  2 draconian zealots
  21 very ugly things
  2 ghouls
  An angel (Abyss:3)
  28 balrugs
  5 draconian annihilators
  31 reapers
  A draconian shifter (Zig:8)
  7 blood saints (Pan)
  An elemental wellspring (Coc:7)
  3 bennus
  A deep elf demonologist (Elf:3)
  4 salamander firebrands
  13 rakshasas
  12 stone giants
  5 ophanim
  4 green draconians
  3 grey draconians
  2 vampire knights
  4 mottled draconians
  3 purple draconians (Zot:5)
  3 war gargoyles
  4 red draconians
  8 lorocyprocas
  6 corrupters (Pan)
  3 dire elephants (Depths:3)
  A black draconian (Depths:5)
  2 pale draconians
  4 deep elf annihilators
  4 white draconians
  3 yellow draconians
  7 chaos champions (Pan)
  12 ettins
  A very ugly thing zombie (D:15)
  An eidolon (Abyss:2)
  2 merfolk javelineers
  4 mummy priests
  25 blizzard demons
  3 deep elf death magi
  A minotaur (Depths:4)
  22 green deaths
  7 death oozes (Slime:6)
  6 jiangshi
  10 fire dragons
  13 vault guards
  Josephine (Orc:4)
  3 quicksilver dragon zombies
  7 great orbs of eyes
  11 yaktaur captains
  A spectral minotaur (Spider:5)
  A kraken zombie (Coc:4)
  19 ice dragons
  5 death cobs
  3 ironheart preservers
  4 quicksilver dragon skeletons
  Fannar (Lair:8)
  8 hydras
  Harold (Lair:3)
  3 naga warriors
  17 monstrous demonspawn (Pan)
  2 alligators (Swamp:5)
  A spriggan air mage (Depths:3)
  A shambling mangrove (Swamp:3)
  3 deep troll shamans
  3 centaur warriors
  4 ogre magi
  3 vampire magi
  3 tengu warriors
  5 dancing weapons
  A merfolk aquamancer (Pan)
  2 deep troll earth magi
  2 death yaks (Depths:5)
  3 death knights
  6 titan zombies
  3 orc high priests
  A shock serpent (shapeshifter) (Abyss:1)
  2 spriggan berserkers (Depths:3)
  12 hell hogs
  60 thrashing horrors
  6 storm dragon zombies
  51 sun demons
  23 iron trolls
  25 soul eaters
  2 spriggans
  6 iron golems
  142 large abominations
  49 wretched stars
  11 titan skeletons
  51 hell knights
  76 skeletal warriors
  3 deep elf knights
  45 ice devils
  4 storm dragon skeletons
  A cherub (Abyss:3)
  8 shadow wraiths
  A deep troll (shapeshifter) (Abyss:2)
  21 deep trolls
  8 giant orange brains
  6 hell beasts
  6 swamp dragons
  10 spatial maelstroms
  4 unseen horrors
  2 ball lightnings (Pan)
  10 putrid demonspawn (Pan)
  3 shadow demons (Pan)
  6 ironbrand convokers
  2 death drakes
  4 golden dragon zombies
  9 flayed ghosts
  5 anaconda zombies
  9 necromancers
  9 orb spiders
  18 torturous demonspawn (Pan)
  5 golden dragon skeletons
  A spectral hydra (Abyss:3)
  8 shadow dragon zombies
  22 infernal demonspawn (Pan)
  9 wolf spider zombies
  A sphinx zombie (Vaults:4)
  A deep elf summoner (Elf:3)
  2 deep elf priests
  10 gelid demonspawn (Pan)
  9 orc knights
  8 anaconda skeletons
  4 red wasps
  A tengu zombie (Vaults:5)
  3 tengu skeletons (Vaults:3)
  3 deep elf conjurers
  30 ugly things
  27 wolf spiders
  2 mana vipers (Abyss:2)
  A red wasp (shapeshifter) (Abyss:2)
  5 iron dragon zombies
  9 frost giant zombies
  6 hill giants
  8 fire giant zombies
  A draconian zombie (Zig:7)
  23 hellions
  4 wizards (Pan)
  A hell hog zombie (Geh:3)
  62 sixfirhies
  16 worldbinders
  9 phantasmal warriors
  6 orc sorcerers
  An eye of devastation (Abyss:3)
  10 stone giant zombies
  2 sphinx skeletons
  2 shadow dragon skeletons
  2 griffons
  A water nymph (Abyss:1)
  A spectral ettin (Abyss:3)
  8 moths of wrath
  3 shining eyes
  An elephant (Abyss:2)
  5 dire elephant zombies
  9 stone giant skeletons
  A water nymph (shapeshifter) (Vaults:1)
  3 shock serpent zombies
  A siren (Abyss:2)
  2 cyclopes (D:11)
  10 frost giant skeletons
  An iron dragon skeleton (Tar:5)
  2 centaur zombies
  A salamander zombie (Geh:2)
  2 demonspawn zombies (WizLab)
  A moth of wrath (shapeshifter) (Vaults:1)
  40 iron devils
  10 fire giant skeletons
  5 guardian serpents
  6 spiny frogs
  6 molten gargoyles
  47 tormentors
  2 torpor snails
  3 vault sentinels
  80 orange demons
  6 apocalypse crabs
  A centaur skeleton (D:11)
  A gargoyle (D:13)
  A shock serpent skeleton (Geh:7)
  2 elf zombies
  A death yak zombie (Depths:1)
  A storm dragon simulacrum (Coc:7)
  A titan simulacrum (Coc:7)
  2 naga magi (Abyss:2)
  An emperor scorpion zombie (Coc:7)
  6 dire elephant skeletons
  88 smoke demons
  2 komodo dragons (shapeshifter)
  A spectral infernal demonspawn (WizLab)
  24 demonic crawlers
  2 fire drakes
  101 small abominations
  18 yaktaurs
  2 yaktaur skeletons
  6 efreet
  112 hellwings
  A silent spectre (Crypt:2)
  10 guardian mummies
  3 tengu conjurers
  6 komodo dragons
  18 freezing wraiths
  18 jumping spiders
  10 two-headed ogres
  31 blue devils
  50 red devils
  2 polar bears
  A harpy zombie (Abyss:3)
  A wolf spider simulacrum (Crypt:2)
  8 blink frogs
  9 hydra zombies
  A wandering mushroom (Abyss:3)
  39 ancient zymes
  A demonic crawler zombie (Spider:5)
  A queen bee (shapeshifter) (Abyss:2)
  A catoblepas zombie (Crypt:2)
  7 giant leeches
  5 boulder beetles
  4 fire vortices (Pan)
  3 wolves
  A spriggan zombie (Depths:2)
  A jumping spider zombie (Spider:3)
  A harpy skeleton (Tar:1)
  2 fire giant simulacra
  2 trolls
  3 bog bodies
  5 hydra skeletons
  4 ravens
  98 raiju
  7 fire dragon zombies
  16 slime creatures
  6 ice dragon zombies
  4 ettin zombies
  2 alligator zombies
  2 deep troll zombies
  A trapdoor spider (shapeshifter) (Vaults:5)
  52 flying skulls
  3 alligator skeletons
  A snapping turtle (shapeshifter) (Depths:4)
  9 vampires
  11 tarantellas
  23 trapdoor spiders
  189 starcursed masses
  2 basilisks (Lair:7)
  4 fire dragon skeletons
  4 black mamba zombies
  29 wraiths
  29 yaks
  71 ynoxinuls
  2 deep troll skeletons
  25 redbacks
  5 deep elf magi
  7 ettin skeletons
  10 ice dragon skeletons
  15 fire elementals
  A hill giant zombie (D:10)
  12 golden eyes
  4 hungry ghosts
  11 fire bats
  13 water elementals
  2 black mamba skeletons
  A spriggan (shapeshifter) (Vaults:2)
  13 vampire mosquitoes
  6 air elementals
  5 deep elf fighters
  6 humans
  22 shadows
  3 nagas
  An emperor scorpion simulacrum (Zig:6)
  A hippogriff (D:10)
  16 chaos spawn
  A merfolk zombie (Coc:6)
  27 spatial vortices
  11 human zombies
  2 wargs
  55 neqoxecs
  3 hydra simulacra
  3 ogre zombies
  A putrid demonspawn zombie (Pan)
  46 hell hounds
  7 spiny frog zombies
  9 water moccasins
  14 orc warriors
  4 swamp worms
  12 ice beasts
  13 necrophages
  2 spiny frog skeletons
  6 spiders
  3 yellow wasps
  A black mamba simulacrum (Abyss:1)
  A swamp dragon zombie (Geh:7)
  A manticore zombie (Coc:7)
  An elephant zombie (Crypt:2)
  9 swamp drakes
  A black bear (shapeshifter) (Abyss:1)
  12 ogres
  12 centaurs
  A boggart (Depths:4)
  A phantom (Tar:1)
  4 snapping turtle zombies
  8 snapping turtle skeletons
  A crocodile (shapeshifter) (Depths:5)
  5 manticore skeletons
  3 crocodiles
  3 swamp dragon skeletons
  A vampire mosquito zombie (Vaults:1)
  9 brain worms
  A torpor snail zombie (Hell)
  3 lost souls
  A yaktaur zombie (Vaults:5)
  4 giant frogs
  A spiny frog simulacrum (Hell)
  10 insubstantial wisps
  An ogre simulacrum (Vaults:1)
  7 human skeletons
  4 earth elementals
  A cyclops zombie (D:13)
  7 orc priests
  2 hell hound zombies (Dis:7)
  2 scorpions (Spider:3)
  4 eyes of draining
  An elf skeleton (Vaults:3)
  9 killer bees
  A spriggan skeleton (Pan)
  48 wights
  15 crimson imps
  18 quasits
  3 two-headed ogre zombies (D:15)
  A hound (D:14)
  8 orc wizards
  2 jellies
  35 iron imps
  A worker ant (Elf:3)
  An orange rat (Depths:3)
  An iguana (Lair:2)
  4 sheep
  A sky beast zombie (D:9)
  A naga zombie (Tar:1)
  An ogre skeleton (D:9)
  A hound skeleton (Crypt:2)
  10 mummies
  16 green rats
  8 shadow imps
  4 adders
  37 white imps
  98 ufetubi
  29 orcs
  A hobgoblin (Orc:3)
  A bat (D:9)
  2 goblins
  2 goblin zombies (Orc:4)
  A kobold (D:9)
  A kobold skeleton (Geh:7)
  2 kobold zombies
  A lurking horror (Abyss:2)
  2 orc skeletons
  5 orc zombies
  3 blocks of ice (Pan)
  5 bushes
  2 crawling corpses
  7 fungi
  2 grand avatars (Pan)
  A plant (Abyss:2)
  29 starspawn tentacles
  2 starspawn tentacle segments (Abyss:2)
  2 tentacles (Coc:4)
4248 creatures vanquished.

Vanquished Creatures (others)
  A bone dragon (D:15)
  A profane servitor (Vaults:4)
  5 eldritch tentacles
  A tengu reaver (Vaults:5)
  A spectral weapon (Spider:5)
  A ghoul (Swamp:5)
  An elemental wellspring (Coc:7)
  2 grey draconians
  8 very ugly thing zombies
  3 quicksilver dragon zombies
  An ettin (Vaults:5)
  3 death cobs
  19 quicksilver dragon skeletons
  3 titan zombies
  A thrashing horror (Abyss:2)
  9 storm dragon zombies
  26 titan skeletons
  A hell beast (Hell)
  8 skeletal warriors
  11 ball lightnings (Pan)
  5 golden dragon zombies
  7 ghost moth zombies
  20 storm dragon skeletons
  A shadow dragon zombie (Dis:1)
  4 flayed ghosts
  15 anaconda zombies
  17 wolf spider zombies
  A large abomination (Abyss:2)
  13 anaconda skeletons
  2 ironbrand convokers (Vaults:4)
  17 golden dragon skeletons
  An orc knight (Vaults:5)
  2 wizards (Pan)
  16 shadow dragon skeletons
  An iron dragon zombie (Depths:3)
  16 ugly thing zombies
  7 sphinx zombies
  A putrid demonspawn (Depths:2)
  9 stone giant zombies
  7 frost giant zombies
  5 spectral ogres
  14 draconian zombies
  3 phantasmal warriors
  2 ugly thing skeletons
  3 hell hog zombies
  3 fire giant zombies
  12 air elementals
  5 sphinx skeletons
  23 frost giant skeletons
  15 iron dragon skeletons
  4 draconian skeletons
  31 fire giant skeletons
  24 stone giant skeletons
  7 demonspawn zombies (Pan)
  A salamander zombie (Depths:3)
  3 smoke demons (Pan)
  2 spectral humans
  2 hell hog skeletons (Abyss:2)
  3 demonspawn skeletons
  7 spriggan zombies
  3 shock serpent skeletons
  An iron devil (Dis:7)
  A shock serpent zombie (Abyss:3)
  3 white draconian zombies
  7 grey draconian zombies
  A pale draconian zombie (Zot:4)
  A yaktaur (Depths:1)
  An emperor scorpion zombie (Pan)
  2 yellow draconian zombies
  4 black draconian zombies
  3 death yak zombies
  4 mottled draconian zombies
  A swamp worm zombie (Swamp:5)
  4 purple draconian zombies
  14 dire elephant skeletons
  5 red draconian zombies
  3 green draconian zombies
  3 iron troll zombies
  A red draconian skeleton (Zot:3)
  12 redback zombies
  A mottled draconian skeleton (Depths:5)
  2 ghoul skeletons (Crypt:1)
  A yellow draconian skeleton (Zot:5)
  2 death yak skeletons
  9 jumping spiders
  A black draconian skeleton (Zot:3)
  15 water elementals
  A grey draconian skeleton (Zot:2)
  3 hellwings (Pan)
  A catoblepas zombie (Dis:7)
  2 minotaur zombies
  A spectral orc (D:12)
  4 iron troll skeletons
  6 demonic crawler zombies
  4 harpy skeletons
  18 harpy zombies
  6 hydra zombies
  24 moth of wrath zombies
  A wolf spider simulacrum (Tomb:3)
  11 hydra skeletons
  5 jumping spider zombies
  A red devil (Dis:3)
  3 alligator zombies
  10 ettin zombies
  4 fire vortices (Pan)
  6 catoblepas skeletons
  3 tarantella zombies
  8 fire dragon zombies
  2 red wasp zombies
  4 ice dragon zombies
  4 griffon zombies
  7 trapdoor spider zombies
  2 wraiths
  An iron dragon simulacrum (Tomb:2)
  5 vampires
  190 shadows
  17 redbacks
  An alligator skeleton (Abyss:1)
  22 ettin skeletons
  A spriggan skeleton (Depths:3)
  7 flying skulls
  22 trapdoor spiders
  6 black mamba zombies
  39 ice dragon skeletons
  A spectral elf (D:12)
  27 fire dragon skeletons
  47 elf zombies
  2 hill giant zombies (D:11)
  2 deep elf fighters
  A black mamba skeleton (Dis:7)
  11 fire elementals
  4 raven zombies
  2 hill giant skeletons
  A merfolk zombie (Pan)
  5 putrid demonspawn zombies (Pan)
  4 monstrous demonspawn zombies (Pan)
  A raven skeleton (Swamp:1)
  11 deep troll zombies
  A human (D:14)
  4 gelid demonspawn zombies (Pan)
  9 spiny frog zombies
  5 infernal demonspawn zombies (Pan)
  4 orb spider zombies
  A gelid demonspawn skeleton (Coc:7)
  4 small abominations
  3 torturous demonspawn zombies (Pan)
  2 merfolk skeletons
  3 spiny frog skeletons
  6 deep troll skeletons
  2 infernal demonspawn skeletons (Pan)
  A tengu skeleton (Depths:3)
  3 ice beasts
  2 spiders
  36 human zombies
  4 swamp dragon zombies (Swamp:5)
  8 snapping turtle zombies
  3 blink frog zombies
  6 manticore skeletons
  4 snapping turtle skeletons
  10 swamp dragon skeletons
  16 vampire mosquito zombies
  4 fire drake zombies
  26 elf skeletons
  2 komodo dragon zombies
  A torpor snail zombie (Spider:1)
  10 lost souls
  A fire crab zombie (Vaults:2)
  27 yaktaur zombies
  2 apocalypse crab zombies (Abyss:3)
  5 spider zombies
  20 hell hound zombies
  A wyvern zombie (D:12)
  5 yaktaur skeletons
  4 cyclops zombies
  5 hell hound skeletons
  3 water moccasin zombies
  A boulder beetle zombie (Vaults:4)
  16 raiju zombies
  A cyclops skeleton (D:11)
  10 yak zombies
  6 troll zombies
  9 tengu zombies
  2 polar bear zombies (Lair:4)
  A queen bee zombie (Spider:1)
  A water moccasin skeleton (Swamp:1)
  3 wights
  2 hippogriff zombies
  2 wolf zombies
  4 troll skeletons
  4 raiju skeletons
  4 naga skeletons
  2 boring beetle zombies (Lair:8)
  9 two-headed ogre zombies
  A wolf skeleton (Lair:7)
  A yellow wasp zombie (Depths:3)
  3 giant frog zombies
  A basilisk zombie (Lair:7)
  5 centaur skeletons
  12 centaur zombies
  An elf simulacrum (Abyss:2)
  A bog body skeleton (Swamp:4)
  2 porcupine zombies
  A two-headed ogre skeleton (Vaults:5)
  8 human skeletons
  A porcupine skeleton (Lair:4)
  A brain worm zombie (Abyss:1)
  2 crocodile zombies (Lair:8)
  13 killer bee zombies
  A mottled dragon zombie (Vaults:1)
  A naga zombie (Abyss:2)
  21 ogre zombies
  A crocodile skeleton (Lair:5)
  5 mummies
  7 necrophage skeletons
  4 hound zombies
  11 ogre skeletons
  A worker ant zombie (D:9)
  2 orange rat zombies (Lair:7)
  5 swamp drake zombies
  49 orc zombies
  A goliath beetle zombie (D:9)
  2 ufetubi
  9 sheep zombies
  3 adder zombies
  2 iguana zombies
  2 adder skeletons
  An iguana skeleton (Lair:1)
  6 orc skeletons
  4 chimeras
  An orc (Vaults:5)
  4 bat zombies (Orc:3)
  A giant spore (D:7)
  A goblin skeleton (Orc:2)
  A goblin zombie (Orc:4)
  23 green rat zombies
  2 hobgoblin zombies
  8 kobold zombies
  7 lurking horrors
  A quokka skeleton (Lair:2)
  A quokka zombie (D:9)
  4 Mnoleg's tentacles (Pan)
  6 Mnoleg's tentacle segments (Pan)
  7 blocks of ice (Pan)
  A briar patch (Swamp:5)
  2 bushes (Abyss:1)
  455 eldritch tentacle segments
  12 fungi
  13 plants
  95 starspawn tentacles
  1249 starspawn tentacle segments
  10 tentacles (Coc:4)
  328 tentacle segments (Coc:4)
3866 creatures vanquished.

Grand Total: 12376 creatures vanquished

Notes
Turn   | Place    | Note
--------------------------------------------------------------
     0 | D:1      | Kashira, the Felid Ice Elementalist, began the quest for the Orb.
     0 | D:1      | Reached XP level 1. HP: 7/7 MP: 4/4
   106 | D:1      | Reached skill level 3 in Dodging
   172 | D:1      | Reached XP level 2. HP: 11/11 MP: 1/5
   302 | D:1      | Found a sparkling altar of Nemelex Xobeh.
   404 | D:1      | Learned a level 2 spell: Throw Frost
  1278 | D:2      | Reached XP level 3. HP: 14/14 MP: 2/8
  1343 | D:2      | Reached skill level 1 in Conjurations
  2287 | D:2      | Found a shimmering altar of Xom.
  2760 | D:3      | Reached XP level 4. HP: 18/18 MP: 8/11
  3354 | D:3      | Found a stormy altar of Qazlal.
  3356 | D:3      | Found a sparkling altar of Nemelex Xobeh.
  3540 | D:4      | Found Mawkaani's General Store.
  3567 | D:4      | Learned a level 3 spell: Ozocubu's Armour
  3914 | D:4      | Found Qoisu's Jewellery Boutique.
  3920 | D:4      | Found a glowing golden altar of the Shining One.
  3995 | D:4      | Found Twaisui's Gadget Shoppe.
  4036 | D:4      | Noticed Natasha
  4047 | D:4      | Killed Natasha
  4141 | D:4      | Noticed Blork the orc
  4150 | D:4      | Killed Blork the orc
  4150 | D:4      | Reached XP level 5. HP: 21/21 MP: 0/14
  4265 | D:4      | Reached skill level 4 in Ice Magic
  4572 | D:4      | Gained mutation: You have a pair of small antennae on your head. [potion of mutation]
  4572 | D:4      | Gained mutation: You are partially covered in icy blue scales (AC +1). [potion of mutation]
  4572 | D:4      | Gained mutation: Your mind is acute. (Int +2) [potion of mutation]
  4690 | D:4      | Learned a level 4 spell: Condensation Shield
  4707 | D:5      | Entered Level 5 of the Dungeon
  4846 | D:4      | Noticed Natasha
  4851 | D:4      | Killed Natasha
  4866 | D:4      | Noticed an ogre
  4904 | D:4      | Killed an ogre
  4904 | D:4      | Reached skill level 1 in Charms
  4904 | D:4      | Gained mutation: You are covered in thick fur (AC +2). [growing up]
  4904 | D:4      | Gained mutation: You can jump attack at a medium distance. [growing up]
  4904 | D:4      | Reached XP level 6. HP: 13/24 MP: 0/17
  5485 | D:5      | Noticed Duvessa
  5593 | D:5      | Found a bloodstained altar of Trog.
  5596 | D:5      | Found a blossoming altar of Fedhas.
  5601 | D:5      | Noticed Dowan
  5612 | D:5      | Killed Dowan
  5788 | D:5      | Reached XP level 7. HP: 18/27 MP: 20/20
  5896 | D:5      | Noticed an ogre
  5901 | D:5      | Killed an ogre
  5901 | D:5      | Reached skill level 5 in Ice Magic
  5937 | D:5      | Learned a level 4 spell: Throw Icicle
  6990 | D:6      | Found a sacrificial altar of Ru.
  7249 | D:6      | Reached skill level 5 in Spellcasting
  7677 | D:6      | Reached skill level 1 in Evocations
  7677 | D:6      | Reached XP level 8. HP: 31/31 MP: 0/23
  8516 | D:6      | Reached skill level 6 in Ice Magic
  9339 | D:7      | Found a staircase to the Ecumenical Temple.
 10081 | D:8      | Noticed a queen bee
 10306 | D:8      | Reached XP level 9. HP: 26/34 MP: 13/26
 10513 | D:8      | Reached skill level 7 in Ice Magic
 11113 | D:8      | Reached skill level 5 in Dodging
 11397 | D:8      | Killed a queen bee
 11711 | D:8      | Reached skill level 8 in Ice Magic
 12318 | D:8      | Reached skill level 5 in Conjurations
 13207 | D:8      | Reached skill level 1 in Fighting
 13318 | D:8      | Reached XP level 10. HP: 34/39 MP: 18/29
 13760 | Temple   | Entered the Ecumenical Temple
 13828 | Temple   | Became a worshipper of Yredelemnul the Dark
 13936 | D:7      | Noticed Crazy Yiuf
 13947 | D:7      | Killed Crazy Yiuf
 15758 | D:9      | Reached skill level 9 in Ice Magic
 15986 | D:9      | Found a shattered altar of Ashenzari.
 16119 | D:9      | Acquired Yredelemnul's first power
 16844 | D:9      | Found a staircase to the Lair.
 16854 | D:9      | Reached skill level 1 in Invocations
 17512 | D:9      | Found a glowing golden altar of the Shining One.
 18427 | D:10     | Entered Level 10 of the Dungeon
 18863 | D:10     | Reached XP level 11. HP: 24/42 MP: 3/30
 19991 | D:10     | Reached skill level 10 in Ice Magic
 20241 | D:10     | Noticed a hill giant
 20250 | D:10     | Killed a hill giant
 20989 | D:11     | Noticed an unseen horror
 20993 | D:11     | Killed an unseen horror
 21347 | D:11     | Found a staircase to the Orcish Mines.
 21488 | Lair:1   | Entered Level 1 of the Lair of Beasts
 21846 | Lair:1   | Acquired Yredelemnul's second power
 22003 | Lair:1   | Reached skill level 5 in Stealth
 22827 | Lair:1   | Reached skill level 5 in Invocations
 23155 | Lair:1   | Reached skill level 10 in Spellcasting
 24568 | Lair:2   | Acquired Yredelemnul's third power
 24753 | D:5      | Killed Duvessa
 24770 | D:4      | Bought a wand of cold (10) for 280 gold pieces
 25196 | Lair:2   | Gained mutation: Your thick and shaggy fur keeps you warm (AC +3, rC+). [growing up]
 25196 | Lair:2   | Gained mutation: You can jump attack at a long distance. [growing up]
 25196 | Lair:2   | Reached XP level 12. HP: 48/48 MP: 22/32
 26209 | Lair:3   | Noticed Harold
 26225 | Lair:3   | Killed Harold
 26506 | Lair:4   | Noticed Maud
 27066 | Lair:4   | Reached skill level 11 in Ice Magic
 27535 | Lair:4   | Acquired Yredelemnul's fourth power
 27573 | Lair:4   | Received a gift from Yredelemnul
 27617 | Lair:4   | Noticed an ice dragon
 27630 | Lair:4   | Killed an ice dragon
 28025 | Lair:4   | Killed Maud
 28259 | Lair:4   | Found a hole to the Spider Nest.
 28950 | Lair:5   | Found a sacrificial altar of Ru.
 29232 | Lair:5   | Reached skill level 5 in Fighting
 29932 | Lair:5   | Noticed a five-headed hydra
 29938 | Lair:5   | Received a gift from Yredelemnul
 29972 | Lair:5   | Killed a five-headed hydra
 31105 | Lair:6   | Found a staircase to the Swamp.
 31544 | Lair:6   | Reached XP level 13. HP: 55/55 MP: 24/34
 31609 | Lair:6   | Found a staircase to the Slime Pits.
 31818 | Lair:7   | Found a labyrinth entrance.
 31836 | Lab      | Entered a labyrinth
 32655 | Lair:7   | Received a gift from Yredelemnul
 32925 | Lair:7   | Received a gift from Yredelemnul
 33514 | Lair:7   | Noticed Erica
 33600 | Lair:7   | Killed Erica
 33934 | Lair:7   | Acquired Yredelemnul's fifth power
 34170 | Lair:7   | Your ally Erica died
 34680 | Lair:8   | Entered Level 8 of the Lair of Beasts
 34680 | Lair:8   | Noticed Fannar
 34953 | Lair:8   | Noticed Snorg
 35813 | Lair:8   | Received a gift from Yredelemnul
 36256 | Lair:8   | Reached skill level 12 in Spellcasting
 36783 | Lair:8   | Killed Snorg
 36784 | Lair:8   | Received a gift from Yredelemnul
 37004 | Lair:8   | Killed Fannar
 37601 | Lair:8   | Received a gift from Yredelemnul
 37845 | Lair:8   | Noticed a dire elephant
 38101 | Lair:8   | Identified Ampuro's Handbook of the Freezing Oath
 38109 | Lair:8   | Learned a level 6 spell: Freezing Cloud
 38198 | Lair:8   | Learned a level 4 spell: Ice Form
 38201 | Lair:8   | Learned a level 2 spell: Confusing Touch
 38258 | Lair:8   | Noticed a dire elephant
 38520 | Lair:2   | Learned a level 4 spell: Summon Ice Beast
 38729 | D:11     | Noticed a hill giant
 38753 | D:11     | Killed a hill giant
 38753 | D:11     | Reached skill level 1 in Air Magic
 39025 | D:11     | Noticed a tengu warrior
 39477 | D:11     | Noticed a centaur warrior
 39566 | D:11     | Received a gift from Yredelemnul
 39951 | D:11     | Noticed a hill giant
 39964 | D:11     | Killed a hill giant
 40105 | D:10     | Received a gift from Yredelemnul
 40696 | D:11     | Killed a tengu warrior
 40930 | D:11     | Killed a centaur warrior
 40930 | D:11     | Reached XP level 14. HP: 49/61 MP: 5/35
 41230 | D:11     | Reached skill level 5 in Air Magic
 41510 | D:11     | Noticed a hill giant
 41523 | D:11     | Killed a hill giant
 41645 | D:11     | Noticed a hill giant
 41651 | D:11     | Killed a hill giant
 41928 | Orc:1    | Entered Level 1 of the Orcish Mines
 42375 | Orc:2    | Received a gift from Yredelemnul
 42843 | Orc:2    | Received a gift from Yredelemnul
 42867 | Orc:2    | Found Sofufy's Gadget Boutique.
 42874 | Orc:2    | Found a roughly hewn altar of Beogh.
 44361 | Orc:3    | Found Sinanium's Jewellery Shop.
 44367 | Orc:3    | Bought the brooch of Shielding {Ward rN+ AC+4 EV+4} for 778 gold pieces
 44583 | Orc:3    | Received a gift from Yredelemnul
 45221 | Orc:4    | Entered Level 4 of the Orcish Mines
 45261 | Orc:4    | Received a gift from Yredelemnul
 45384 | Orc:4    | Found Zujydd's Weapon Shop.
 45401 | Orc:4    | Found Faytubb's Armour Shoppe.
 45839 | Orc:4    | Noticed Sonja
 45842 | Orc:4    | Killed Sonja
 45915 | Orc:4    | Noticed Josephine
 45929 | Orc:4    | Killed Josephine
 45959 | Orc:4    | Reached skill level 10 in Conjurations
 46136 | Orc:4    | Found Yfi Chik's General Store.
 46146 | Orc:4    | Bought a potion of haste for 77 gold pieces
 46146 | Orc:4    | Bought a scroll of teleportation for 33 gold pieces
 46146 | Orc:4    | Bought a scroll of teleportation for 33 gold pieces
 46146 | Orc:4    | Bought a scroll of acquirement for 572 gold pieces
 46282 | Orc:4    | Found a staircase to the Elven Halls.
 46631 | Orc:4    | Received a gift from Yredelemnul
 46750 | Orc:4    | Found Nuis' Book Shoppe.
 46751 | Orc:4    | Found Coimnuxt's Antique Armour Shop.
 47114 | Orc:4    | Found a roughly hewn altar of Beogh.
 47413 | D:11     | Received a gift from Yredelemnul
 47750 | Orc:4    | Bought a book of Necromancy for 360 gold pieces
 47850 | D:12     | Noticed Maurice
 48147 | Orc:4    | Bought a book of Wizardry for 360 gold pieces
 48542 | D:12     | Noticed a frost giant
 48993 | D:12     | Noticed Urug
 49005 | D:12     | Killed Urug
 49005 | D:12     | Enslaved Urug
 49174 | D:12     | Killed Maurice
 49620 | D:12     | Your ally Urug died
 49630 | D:12     | Your ally Maurice died
 50307 | D:12     | Received a gift from Yredelemnul
 51141 | D:13     | Found a gate to the Vaults.
 51141 | D:13     | Noticed Rupert
 52233 | Swamp:1  | Entered Level 1 of the Swamp
 52273 | Swamp:1  | Reached skill level 5 in Charms
 52831 | Swamp:1  | Reached XP level 15. HP: 59/64 MP: 2/36
 53015 | Swamp:1  | Received a gift from Yredelemnul
 54160 | Swamp:1  | Learned a level 6 spell: Haste
 55759 | Swamp:3  | Received a gift from Yredelemnul
 56140 | Swamp:3  | Reached skill level 10 in Charms
 57135 | Swamp:3  | Noticed a tentacled monstrosity
 57145 | Swamp:3  | Killed a tentacled monstrosity
 58524 | Swamp:4  | Received a gift from Yredelemnul
 59115 | Swamp:5  | Entered Level 5 of the Swamp
 59390 | Swamp:5  | Received a gift from Yredelemnul
 59666 | Swamp:5  | Reached skill level 13 in Spellcasting
 59734 | Swamp:5  | Noticed a thorn hunter
 59738 | Swamp:5  | Killed a thorn hunter
 59745 | Swamp:5  | Noticed a thorn hunter
 60451 | Swamp:5  | Reached skill level 14 in Spellcasting
 60531 | Swamp:5  | Got a decaying rune of Zot
 60605 | Swamp:5  | Killed a thorn hunter
 60752 | Swamp:5  | Reached XP level 16. HP: 62/69 MP: 6/38
 61022 | Swamp:5  | Noticed a thorn hunter
 61031 | Swamp:5  | Killed a thorn hunter
 61615 | Swamp:5  | Gained mutation: Your body is misshapen. [mutagenic meat]
 61616 | Swamp:5  | Gained mutation: Your system is resistant to poisons. [mutagenic meat]
 61707 | Swamp:5  | Noticed Jorgrun
 62539 | D:4      | Bought an uncursed amulet of resist mutation for 400 gold pieces
 62941 | Spider:1 | Entered Level 1 of the Spider Nest
 63417 | Spider:1 | Learned a level 2 spell: Repel Missiles
 63991 | Lair:4   | HP: 1/71 [poisoned by a redback]
 63995 | Lair:4   | Received a gift from Yredelemnul
 64817 | Spider:1 | Received a gift from Yredelemnul
 65295 | Spider:1 | Learned a level 5 spell: Bolt of Draining
 65910 | Spider:2 | Noticed Nessos
 65934 | Spider:2 | Reached skill level 1 in Necromancy
 66053 | Spider:2 | Noticed Aizul
 66096 | Spider:2 | Reached skill level 10 in Fighting
 66237 | Spider:2 | Noticed Asterion
 66276 | Spider:2 | Received a gift from Yredelemnul
 66561 | Spider:2 | Noticed Norris
 66569 | Spider:2 | Killed Aizul
 66720 | Spider:2 | Killed Nessos
 67033 | Spider:2 | Received a gift from Yredelemnul
 67193 | Spider:2 | Killed Norris
 67416 | Spider:2 | Noticed a spectral weapon
 67430 | Spider:2 | Killed Asterion
 67430 | Spider:2 | Enslaved Asterion
 68190 | Spider:3 | Noticed Louise
 68195 | Spider:3 | Killed Louise
 68273 | Spider:3 | Received a gift from Yredelemnul
 68839 | Spider:3 | Noticed Arachne
 68860 | Spider:3 | Killed Arachne
 69388 | Spider:4 | Received a gift from Yredelemnul
 69789 | Spider:4 | Noticed Wiglaf
 69799 | Spider:4 | Killed Wiglaf
 70242 | Spider:4 | Received a gift from Yredelemnul
 70608 | Spider:5 | Entered Level 5 of the Spider Nest
 70937 | Spider:5 | Reached XP level 17. HP: 38/81 MP: 24/39
 71050 | Spider:5 | Received a gift from Yredelemnul
 71189 | Spider:5 | Received a gift from Yredelemnul
 71204 | Spider:5 | Your ally Asterion died
 71350 | Spider:5 | Got a gossamer rune of Zot
 72314 | Lair:2   | Gained mutation: Your skin changes colour to match your surroundings (Stealth). [potion of beneficial mutation]
 72325 | Lair:2   | Learned a level 3 spell: Mephitic Cloud
 72540 | D:13     | Received a gift from Yredelemnul
 73401 | D:13     | Killed Rupert
 74345 | D:14     | Gained mutation: You are weak. (Str -2) [mutagenic meat]
 74346 | D:14     | Lost mutation: Your body is misshapen. [mutagenic meat]
 74347 | D:14     | Gained mutation: You heal slowly when monsters are visible. [mutagenic meat]
 74562 | D:14     | Killed Kirke
 74679 | D:15     | Entered Level 15 of the Dungeon
 74864 | D:15     | Found a staircase to the Depths.
 74901 | D:15     | Reached skill level 15 in Fighting
 75330 | D:15     | Found a portal to a secret trove of treasure.
 76630 | Vaults:1 | Entered Level 1 of the Vaults
 76983 | Vaults:1 | Received a gift from Yredelemnul
 76984 | Vaults:1 | Reached skill level 5 in Necromancy
 77135 | Vaults:1 | Received a gift from Yredelemnul
 77634 | Vaults:1 | Upgraded the game from 0.16-a0-922-gae79c9c to 0.16-a0-956-g65bd446
 77681 | Vaults:1 | Received a gift from Yredelemnul
 77988 | Vaults:1 | Reached skill level 15 in Spellcasting
 79040 | Vaults:1 | Reached XP level 18. HP: 89/89 MP: 7/40
 79248 | Vaults:1 | Received a gift from Yredelemnul
 79306 | Vaults:1 | Reached skill level 16 in Spellcasting
 79641 | Vaults:1 | Gained mutation: You occasionally shout uncontrollably at your foes. [mutagenic meat]
 79977 | Vaults:1 | Received a gift from Yredelemnul
 80038 | Vaults:1 | Lost mutation: Your mind is acute. (Int +2) [mutagenic meat]
 80039 | Vaults:1 | Gained mutation: Your skin blends seamlessly with your surroundings (Stealth). [mutagenic meat]
 80040 | Vaults:1 | Lost mutation: You are partially covered in icy blue scales (AC +1). [mutagenic meat]
 80041 | Vaults:1 | Lost mutation: You heal slowly when monsters are visible. [mutagenic meat]
 80684 | Vaults:2 | Noticed Sojobo
 80697 | Vaults:2 | Learned a level 6 spell: Simulacrum
 80874 | Vaults:2 | Reached skill level 17 in Spellcasting
 81769 | Vaults:2 | Lost mutation: You are weak. (Str -2) [mutagenic meat]
 81770 | Vaults:2 | Gained mutation: You are resistant to electric shocks. [mutagenic meat]
 81835 | Vaults:2 | Gained mutation: Your body is misshapen. [mutagenic meat]
 81837 | Vaults:2 | Gained mutation: Your flesh is heat resistant. [mutagenic meat]
 81838 | Vaults:2 | Gained mutation: Your flesh is very heat resistant. [mutagenic meat]
 81839 | Vaults:2 | Lost mutation: You are resistant to electric shocks. [mutagenic meat]
 82188 | Vaults:2 | Gained mutation: You can breathe flames. [mutagenic meat]
 82189 | Vaults:2 | Gained mutation: Your muscles are strong. (Str +2) [mutagenic meat]
 82243 | Vaults:2 | Killed Sojobo
 82580 | Vaults:2 | Received a gift from Yredelemnul
 83302 | Vaults:3 | Gained mutation: You possess an exceptional clarity of mind. [mutagenic meat]
 83318 | Vaults:3 | Gained mutation: You are partially covered in yellow scales (AC +2). [mutagenic meat]
 83696 | Vaults:3 | Found a staircase to the Crypt.
 84318 | Vaults:3 | Received a gift from Yredelemnul
 84586 | Vaults:3 | Reached skill level 10 in Invocations
 84783 | Vaults:3 | Received a gift from Yredelemnul
 84786 | Vaults:3 | Reached XP level 19. HP: 69/94 MP: 16/42
 85612 | Vaults:3 | Received a gift from Yredelemnul
 85700 | Vaults:3 | Lost mutation: Your muscles are strong. (Str +2) [mutagenic meat]
 85702 | Vaults:3 | Gained mutation: You are clumsy. (Dex -2) [mutagenic meat]
 86039 | Vaults:4 | Noticed Armakuni's ghost (mighty HuFi)
 86093 | Vaults:4 | Received a gift from Yredelemnul
 86353 | Vaults:4 | Killed Armakuni's ghost
 89100 | Vaults:4 | Received a gift from Yredelemnul
 89445 | Vaults:5 | Entered Level 5 of the Vaults
 89891 | Temple   | Fell from the grace of Yredelemnul
 89891 | Temple   | Became a worshipper of Kikubaaqudgha
 90017 | Lair:2   | Learned a level 4 spell: Animate Dead
 90024 | Lair:2   | Learned a level 6 spell: Ozocubu's Refrigeration
 90491 | Elf:1    | Entered Level 1 of the Elven Halls
 91352 | Elf:1    | Acquired Kikubaaqudgha's first power
 91352 | Elf:1    | Received a gift from Kikubaaqudgha
 91353 | Elf:1    | Identified Kikubaaqudgha's Compendium of Stolen Souls (Kikubaaqudgha gifted it to you on level 1 of the Elven Halls)
 91703 | Elf:2    | Found a deep blue altar of Sif Muna.
 94109 | Depths:1 | Entered Level 1 of the Depths
 94301 | Depths:1 | Reached skill level 18 in Fighting
 94485 | Depths:1 | Lost mutation: Your system is resistant to poisons. [mutagenic meat]
 94487 | Depths:1 | Gained mutation: You tend to lose your temper in combat. [mutagenic meat]
 95024 | Depths:1 | Lost mutation: You have a pair of small antennae on your head. [mutagenic meat]
 95034 | Depths:1 | Gained mutation: You are very clumsy. (Dex -4) [mutagenic meat]
 95035 | Depths:1 | Lost mutation: You are very clumsy. (Dex -4) [mutagenic meat]
 95378 | Depths:1 | Reached skill level 10 in Dodging
 95615 | Depths:1 | Reached XP level 20. HP: 95/101 MP: 20/42
 95762 | Depths:1 | Acquired Kikubaaqudgha's second power
 95782 | Depths:1 | Lost mutation: You can breathe flames. [mutagenic meat]
 95783 | Depths:1 | Lost mutation: Your body is misshapen. [mutagenic meat]
 95784 | Depths:1 | Lost mutation: Your flesh is very heat resistant. [mutagenic meat]
 95791 | Depths:1 | Gained mutation: Your spells are a little harder to cast, but a little more powerful. [mutagenic meat]
 95798 | Depths:1 | Lost mutation: You occasionally shout uncontrollably at your foes. [mutagenic meat]
 95799 | Depths:1 | Gained mutation: You are robust (+10% HP). [mutagenic meat]
 95842 | Depths:1 | Found a gateway to Hell.
 95909 | Depths:1 | Found a corrupted altar of Lugonu.
 95913 | Depths:1 | Found a one-way gate to the infinite horrors of the Abyss.
 96971 | Depths:1 | Found Etsoar's Antique Weapon Emporium.
 97574 | Depths:2 | Your ally Cluosan died
 98199 | Depths:2 | Found a gateway to Hell.
 98496 | Depths:2 | Gained mutation: You are mostly covered in yellow scales (AC +3). [mutagenic meat]
 98926 | Depths:2 | Found a gateway to a ziggurat.
 99002 | Depths:2 | Gained mutation: Your mind is acute. (Int +2) [mutagenic meat]
 99003 | Depths:2 | Lost mutation: Your mind is acute. (Int +2) [mutagenic meat]
 99897 | Lair:2   | Learned a level 5 spell: Dispel Undead
100218 | Depths:1 | Lost mutation: Your skin blends seamlessly with your surroundings (Stealth). [mutagenic meat]
100221 | Depths:1 | Gained mutation: You have a pair of small antennae on your head. [mutagenic meat]
100224 | Depths:1 | Gained mutation: You are partially covered in thin metallic scales (AC +2). [mutagenic meat]
100594 | Depths:2 | Reached skill level 5 in Evocations
102835 | Depths:3 | Reached skill level 10 in Evocations
103009 | Depths:3 | Received a gift from Kikubaaqudgha
103010 | Depths:3 | Identified Kikubaaqudgha's Papyrus of Black Rituals (Kikubaaqudgha gifted it to you on level 3 of the Depths)
103582 | Depths:3 | Reached XP level 21. HP: 103/111 MP: 40/43
103768 | Depths:3 | Found a one-way gate leading to the halls of Pandemonium.
103773 | Depths:3 | Found a gateway to Hell.
104267 | Depths:3 | Noticed a golden dragon
104566 | Depths:3 | Killed a golden dragon
104976 | Depths:3 | Reached skill level 15 in Dodging
105899 | Depths:3 | Acquired Kikubaaqudgha's third power
106896 | Depths:3 | HP: 3/111 [tengu reaver/bolt of lightning (46)]
106896 | Depths:3 | Killed from afar by a battlesphere
106897 | Depths:3 | Reached XP level 20. HP: -12/107 MP: 35/51
108878 | Depths:4 | Noticed Xtahua
108881 | Depths:4 | Killed Xtahua
109332 | Depths:4 | Reached skill level 19 in Fighting
109905 | Depths:4 | Your ally Xtahua died
110275 | Depths:4 | Reached XP level 21. HP: 118/118 MP: 35/44
111049 | Depths:4 | Found a gateway to Hell.
111603 | Depths:4 | Noticed a greater mummy
111640 | Depths:4 | Killed a greater mummy
112725 | Depths:5 | Entered Level 5 of the Depths
112730 | Depths:5 | Found Enischyty's Armour Boutique.
113041 | Depths:5 | Found a gateway to Hell.
113171 | Depths:5 | Found a magical portal.
113177 | WizLab   | Entered Doroklohe's Tomb
113452 | WizLab   | Noticed an ancient lich
113465 | WizLab   | Killed an ancient lich
113489 | WizLab   | HP: 5/118 [mummy priest/divine providence (7)]
113626 | Depths:5 | Was forgiven by Yredelemnul
113944 | Depths:5 | Learned a level 2 spell: Shroud of Golubria
114275 | Depths:5 | Reached skill level 1 in Translocations
115584 | Depths:5 | Found a gate to the Realm of Zot.
116170 | Depths:5 | Reached XP level 22. HP: 78/123 MP: 1/44
117385 | Depths:1 | Acquired Kikubaaqudgha's fourth power
117862 | Orc:3    | Bought an uncursed ring of sustain abilities for 245 gold pieces
117862 | Orc:3    | Bought the ring "Smoynep" {rC+ MR+ Stlth-} for 506 gold pieces
120344 | Elf:3    | Entered Level 3 of the Elven Halls
120771 | Lair:2   | Learned a level 6 spell: Ozocubu's Refrigeration
121901 | Elf:3    | Reached skill level 20 in Spellcasting
122827 | Elf:3    | Noticed Donald
122859 | Elf:3    | Killed Donald
123557 | Elf:3    | Got a twitching brass ring
124238 | Elf:3    | Got a warped lead ring
124249 | Elf:3    | Got a heavily runed golden amulet
124637 | Elf:3    | Got a glittering jade amulet
124639 | Elf:3    | Identified the amulet of Gruink {Gourm Dex+2} (You found it on level 3 of the Elven Halls)
124644 | Elf:3    | Identified the ring "Ziofa" {Str+4 Slay+2 SInv} (You took it off a deep elf demonologist on level 3 of the Elven Halls)
124645 | Elf:3    | Identified the amulet of Ascent {Faith Str+4 Dex+2} (You took it off a deep elf death mage on level 3 of the Elven Halls)
124650 | Elf:3    | Identified the ring "Ronaoce" {MR+ Dex+2 Int+1} (You took it off a deep elf annihilator on level 3 of the Elven Halls)
124830 | Elf:3    | Identified the Tome of the Eternal Fruit
126394 | Orc:4    | Bought a potion of resistance for 77 gold pieces
126833 | Vaults:5 | Reached skill level 21 in Spellcasting
126834 | Vaults:5 | Noticed an ancient lich
126836 | Vaults:5 | Reached XP level 23. HP: 64/127 MP: 9/46
126841 | Vaults:5 | Noticed a golden dragon
126843 | Vaults:5 | Lost mutation: You have a pair of small antennae on your head. [a shining eye]
126844 | Vaults:5 | Noticed Mennas
127534 | Vaults:5 | Noticed a golden dragon
127554 | Vaults:5 | Noticed an ancient lich
127559 | Vaults:4 | HP: 6/127 [poisoned by a redback]
127571 | Vaults:4 | Gained mutation: Your magical capacity is low (-10% MP). [mutagenic glow]
128197 | Lair:2   | Learned a level 4 spell: Control Undead
129113 | Lair:8   | Noticed a dire elephant
129122 | Lair:8   | Killed a dire elephant
129527 | Lair:8   | Killed a dire elephant
129774 | Lair:8   | Killed a dire elephant
129879 | Lair:8   | Noticed a dire elephant
129879 | Lair:8   | Noticed a dire elephant
129883 | Lair:8   | Killed a dire elephant
129884 | Lair:8   | Killed a dire elephant
130194 | Slime:1  | Entered Level 1 of the Pits of Slime
130367 | Slime:1  | Lost mutation: You are robust (+10% HP). [a shining eye]
130536 | Slime:1  | Gained mutation: Your body is misshapen. [a shining eye]
135270 | Slime:6  | Entered Level 6 of the Pits of Slime
135598 | Slime:2  | Gained mutation: You are very clumsy. (Dex -4) [a shining eye]
138107 | Slime:6  | Noticed the royal jelly
139140 | Slime:5  | Gained mutation: You often lose your temper in combat. [a shining eye]
139970 | Slime:5  | Mangled by an acid blob
139971 | Slime:5  | Reached XP level 22. HP: -8/116 MP: 27/41
140407 | Lair:2   | Got an ancient granite ring
140411 | Lair:2   | Identified the ring "Xukiskai" {+Rage +Inv rPois} (You acquired it on level 2 of the Lair of Beasts)
141634 | Slime:6  | Found a viscous altar of Jiyva.
142333 | Slime:6  | Reached XP level 23. HP: 114/114 MP: 15/41
142535 | Slime:6  | Killed the royal jelly
142547 | Slime:6  | Got a slimy rune of Zot
143794 | Slime:6  | Identified the Guide on Cloudy Boosts (You found it on level 6 of the Pits of Slime)
144600 | Zot:1    | Entered Level 1 of the Realm of Zot
147845 | Zot:1    | Upgraded the game from 0.16-a0-956-g65bd446 to 0.16-a0-967-g37ceb3c
148684 | Depths:1 | Lost mutation: Your body is misshapen. [mutagenic meat]
148685 | Depths:1 | Gained mutation: You can translocate small distances at will. [mutagenic meat]
148687 | Depths:1 | Lost mutation: You are very clumsy. (Dex -4) [mutagenic meat]
149152 | Depths:5 | Gained mutation: You are very clumsy. (Dex -4) [mutagenic glow]
152236 | Zot:2    | Reached skill level 22 in Fighting
154081 | Zot:2    | Lost mutation: Your flesh is heat resistant. [mutagenic meat]
154346 | Zot:2    | Lost mutation: You often lose your temper in combat. [mutagenic meat]
154348 | Zot:2    | Gained mutation: Your spells are harder to cast, but more powerful. [mutagenic meat]
154612 | Zot:2    | Reached XP level 24. HP: 117/117 MP: 8/42
155576 | Zot:1    | Lost mutation: You are very clumsy. (Dex -4) [mutagenic meat]
157885 | Zot:3    | Reached skill level 15 in Ice Magic
160590 | Depths:1 | Voluntarily entered the Abyss.
160858 | Abyss:1  | Found a corrupted altar of Lugonu.
160879 | Abyss:1  | Paralysed by accursed screaming for 1 turns
161608 | Depths:1 | Escaped the Abyss
161613 | Depths:1 | Voluntarily entered the Abyss.
161649 | Abyss:1  | Lost mutation: You are mostly covered in yellow scales (AC +3). [mutagenic meat]
162244 | Depths:1 | Escaped the Abyss
162249 | Depths:1 | Voluntarily entered the Abyss.
163140 | Abyss:1  | Noticed an ancient lich
163147 | Abyss:1  | Killed an ancient lich
163663 | Abyss:2  | Found a corrupted altar of Lugonu.
164790 | Abyss:2  | Found a corrupted altar of Lugonu.
165098 | Abyss:2  | Lost mutation: You are clumsy. (Dex -2) [mutagenic meat]
165100 | Abyss:2  | Gained mutation: You often lose your temper in combat. [mutagenic meat]
165597 | Abyss:2  | Reached XP level 25. HP: 116/122 MP: 16/43
165735 | Abyss:2  | Gained mutation: You are dopey. (Int -2) [a neqoxec]
165963 | Abyss:2  | HP: 5/118 [smoke demon/divine providence (10)]
166001 | Depths:1 | Escaped the Abyss
166703 | Lair:2   | Learned a level 6 spell: Bolt of Cold
167211 | Zot:1    | Reached skill level 23 in Fighting
167271 | Zot:1    | HP: 5/119 [tentacled monstrosity (7)]
167272 | Zot:1    | HP: 1/119 [tentacled monstrosity (5)]
167273 | Zot:1    | Mangled by a tentacled monstrosity
167274 | Zot:1    | Reached XP level 24. HP: -6/115 MP: 35/42
168519 | Zot:2    | Gained mutation: You are resistant to hostile enchantments. [mutagenic meat]
170646 | Crypt:1  | Entered Level 1 of the Crypt
173713 | Crypt:1  | Found a basalt altar of Yredelemnul.
175768 | Crypt:1  | Got a sparkling silver ring
176494 | Crypt:2  | Identified the cursed ring "Pruaq" {rF+ Str-4 Dex+2} (You took it off an unborn on level 1 of the Crypt)
176554 | Crypt:2  | Reached skill level 10 in Necromancy
178030 | Crypt:3  | Entered Level 3 of the Crypt
178229 | Crypt:3  | Reached XP level 25. HP: 131/131 MP: 33/43
179704 | Crypt:3  | Found a staircase to the Tomb.
180784 | Crypt:3  | Got a shimmering emerald amulet
180785 | Crypt:3  | Identified the amulet of Suubluarph {Gourm -Tele} (You found it on level 3 of the Crypt)
180788 | Crypt:3  | Got a shimmering granite ring
180788 | Crypt:3  | Got a steaming turquoise ring
180788 | Crypt:3  | Got a twitching silver ring
181643 | Lair:2   | Identified the ring "Noeth" {rPois rN+ SInv} (You found it on level 3 of the Crypt)
181647 | Lair:2   | Identified the ring of the Hidden Nights {rN+ Str-2 Int-2} (You found it on level 3 of the Crypt)
181651 | Lair:2   | Identified the ring "Maxtyto" {rN+ MR++} (You found it on level 3 of the Crypt)
181844 | Lair:2   | Lost mutation: Your magical capacity is low (-10% MP). [helix card]
181846 | Lair:2   | Gained mutation: Your flesh is heat resistant. [helix card]
181847 | Lair:2   | Gained mutation: You are agile. (Dex +2) [helix card]
181852 | Lair:2   | Lost mutation: You are dopey. (Int -2) [helix card]
182255 | Depths:1 | Voluntarily entered the Abyss.
182475 | Abyss:1  | Noticed an ancient lich
182506 | Abyss:1  | Killed an ancient lich
183357 | Abyss:1  | Found a corrupted altar of Lugonu.
184020 | Abyss:1  | Found a corrupted altar of Lugonu.
184118 | Abyss:1  | Reached skill level 15 in Necromancy
186066 | Abyss:2  | Found a corrupted altar of Lugonu.
187083 | Depths:1 | Escaped the Abyss
187213 | Depths:1 | Voluntarily entered the Abyss.
187500 | Abyss:1  | Found a deep blue altar of Sif Muna.
187526 | Abyss:1  | Found a corrupted altar of Lugonu.
187995 | Abyss:2  | Reached XP level 26. HP: 128/136 MP: 7/48
189441 | Abyss:2  | Found an ancient bone altar of Kikubaaqudgha.
189495 | Abyss:2  | Gained mutation: Your body is slowly deteriorating. [a neqoxec]
190570 | Abyss:2  | Found a corrupted altar of Lugonu.
191151 | Depths:1 | Escaped the Abyss
191215 | Depths:1 | Voluntarily entered the Abyss.
191403 | Abyss:2  | Found a corrupted altar of Lugonu.
193222 | Abyss:3  | Paralysed by a chaos spawn for 6 turns
193766 | Depths:1 | Escaped the Abyss
193868 | Depths:1 | Voluntarily entered the Abyss.
193918 | Abyss:1  | Learned a level 1 spell: Corona
194048 | Abyss:1  | Noticed an ancient lich
194061 | Abyss:1  | Killed an ancient lich
194083 | Abyss:1  | Noticed an ancient lich
194740 | Abyss:2  | Found a corrupted altar of Lugonu.
196106 | Abyss:2  | Reached XP level 27. HP: 136/140 MP: 19/49
197241 | Abyss:3  | Learned a level 8 spell: Death's Door
197898 | Abyss:3  | Found a glowing golden altar of the Shining One.
197952 | Abyss:3  | Got an abyssal rune of Zot
197996 | Abyss:3  | Paralysed by accursed screaming for 1 turns
198000 | Abyss:3  | Found a glowing golden altar of the Shining One.
198679 | Depths:1 | Escaped the Abyss
199827 | Vaults:5 | Killed an ancient lich
200800 | Vaults:4 | Reached skill level 10 in Stealth
201154 | Vaults:4 | Killed Mennas
201440 | Vaults:4 | Killed a golden dragon
202111 | Vaults:4 | Killed a golden dragon
202136 | Vaults:5 | Noticed an ancient lich
202143 | Vaults:5 | Killed an ancient lich
202144 | Vaults:5 | Noticed an ancient lich
202305 | Vaults:5 | Killed an ancient lich
202789 | Vaults:5 | Identified the Volume of the Voyage
202822 | Vaults:5 | Got a shimmering bone amulet
202920 | Vaults:5 | Killed an ancient lich
203122 | Vaults:5 | Identified the amulet of Stratuucs {rCorr +Rage rC+ rN+ MR+} (You took it off a yaktaur captain on level 5 of the Vaults)
203262 | Vaults:5 | Got a twitching glass ring
203263 | Vaults:5 | Identified the ring of Chyh {rC++ SInv Stlth+} (You found it on level 5 of the Vaults)
203328 | Vaults:5 | Found Hocad's Antique Weapon Shoppe.
203698 | Lair:2   | Learned a level 1 spell: Apportation
204331 | Vaults:5 | Noticed an ancient lich
204340 | Vaults:5 | Killed an ancient lich
205573 | Vaults:5 | Got a sparkling glass ring
205587 | Vaults:5 | Identified the ring of Nanorili {MP+9 Dex+3 Int+2} (You found it on level 5 of the Vaults)
205901 | Vaults:5 | Got a silver rune of Zot
207104 | Tomb:1   | Entered Level 1 of the Tomb of the Ancients
207997 | Tomb:1   | Noticed Jory
208003 | Tomb:1   | Killed Jory
209163 | Tomb:1   | Reached skill level 15 in Stealth
210690 | Tomb:2   | Noticed an ancient lich
211217 | Tomb:2   | Killed an ancient lich
213923 | Tomb:1   | Reached skill level 15 in Charms
216928 | Tomb:3   | Entered Level 3 of the Tomb of the Ancients
221373 | Tomb:3   | Got a golden rune of Zot
223267 | Lair:2   | Gained mutation: You are partially covered in molten scales (AC +1). [potion of beneficial mutation]
223381 | D:12     | Killed a frost giant
229448 | Zot:5    | Entered Level 5 of the Realm of Zot
229460 | Zot:5    | Reached skill level 24 in Charms
230401 | Zot:5    | Noticed an orb of fire
231299 | Zig:1    | Entered Level 1 of a ziggurat
231403 | Zig:2    | Entered Level 2 of a ziggurat
231516 | Zig:3    | Entered Level 3 of a ziggurat
231711 | Zig:4    | Entered Level 4 of a ziggurat
231713 | Zig:4    | Noticed an ancient lich
231719 | Zig:4    | Killed an ancient lich
231858 | Zig:4    | Identified Xuocisao's Reference Book on Summoning
231863 | Zig:4    | Learned a level 3 spell: Recall
231918 | Zig:5    | Entered Level 5 of a ziggurat
231970 | Zig:5    | Upgraded the game from 0.16-a0-967-g37ceb3c to 0.16-a0-1009-g0339a9e
232097 | Zig:6    | Entered Level 6 of a ziggurat
232314 | Zig:6    | Got an ancient platinum amulet
232318 | Zig:6    | Identified the amulet "Uziptuit" {Clar Dex-5} (You found it on level 6 of a ziggurat)
232326 | Zig:7    | Entered Level 7 of a ziggurat
232508 | Zig:8    | Entered Level 8 of a ziggurat
232717 | Zig:9    | Entered Level 9 of a ziggurat
232794 | Zig:9    | Gained mutation: You heal slowly when monsters are visible. [mutagenic glow]
233019 | Zig:10   | Entered Level 10 of a ziggurat
233025 | Zig:10   | Noticed Ykuh the pandemonium lord
233027 | Zig:10   | Noticed Blub the pandemonium lord
233034 | Zig:10   | Killed Blub the pandemonium lord
233756 | Zot:5    | Lost mutation: Your spells are harder to cast, but more powerful. [an orb of fire]
234467 | Zot:5    | Reached skill level 25 in Charms
234672 | Zot:5    | Gained mutation: You are weak. (Str -2) [an orb of fire]
234690 | Zot:5    | Killed an orb of fire
234884 | Zot:5    | Noticed an ancient lich
234887 | Zot:5    | Killed an ancient lich
234983 | Zot:5    | Noticed an ancient lich
234990 | Zot:5    | Killed an ancient lich
235103 | Zot:5    | Noticed an ancient lich
235110 | Zot:5    | Killed an ancient lich
235355 | Zot:5    | Noticed an orb of fire
235358 | Zot:5    | Gained mutation: Your magical capacity is low (-10% MP). [an orb of fire]
235373 | Zot:5    | Killed an orb of fire
235373 | Zot:5    | Reached skill level 26 in Charms
235727 | Zot:5    | Noticed an orb of fire
235754 | Zot:5    | Killed an orb of fire
235822 | Zot:5    | Noticed an orb of fire
236160 | Zot:5    | Noticed an orb of fire
236171 | Zot:5    | Killed an orb of fire
236593 | Zot:3    | Reached skill level 27 in Charms
237477 | Hell     | Entered the Vestibule of Hell
237477 | Hell     | Noticed Geryon
237493 | Hell     | Killed Geryon
237563 | Hell     | Noticed an ancient lich
237573 | Hell     | Killed an ancient lich
237953 | Hell     | Found a gateway to the freezing wastes of Cocytus.
238634 | Hell     | Found a gateway to the Iron City of Dis.
238760 | Hell     | Found a gateway to the decaying netherworld of Tartarus.
238812 | Hell     | Found a gateway to the ashen valley of Gehenna.
239301 | D:15     | You showed the horn of Geryon to enter a treasure trove
239302 | Trove    | Entered a treasure trove
239792 | Hell     | Learned a level 3 spell: Flight
239815 | Coc:1    | Entered Level 1 of Cocytus
239815 | Coc:1    | Found a gateway to Hell.
240045 | Coc:2    | Found a gateway to Hell.
240073 | Coc:2    | Lost mutation: You are agile. (Dex +2) [mutagenic glow]
240255 | Hell     | Lost mutation: You possess an exceptional clarity of mind. [mutagenic glow]
241071 | Coc:2    | Found a gateway to Hell.
241458 | Coc:2    | Found a gateway to Hell.
241465 | Coc:3    | Found a gateway to Hell.
242618 | Coc:3    | Found a gateway to Hell.
242710 | Coc:3    | Found a gateway to Hell.
243638 | Depths:1 | Voluntarily entered the Abyss.
244089 | Abyss:1  | Found a corrupted altar of Lugonu.
244138 | Abyss:1  | Found a corrupted altar of Lugonu.
245319 | Abyss:1  | Paralysed by accursed screaming for 1 turns
245755 | Abyss:1  | Found a corrupted altar of Lugonu.
245830 | Depths:1 | Escaped the Abyss
245918 | D:15     | Reached skill level 1 in Unarmed Combat
246395 | Pan      | Entered Pandemonium
246740 | Pan      | Noticed Kisked the pandemonium lord
246781 | Pan      | Killed Kisked the pandemonium lord
246852 | Pan      | Got a demonic rune of Zot
246990 | Pan      | Reached skill level 5 in Unarmed Combat
247446 | Pan      | Gained mutation: Your body is deteriorating. [a cacodemon]
247489 | Pan      | Found an exit through the horrors of the Abyss.
247957 | Pan      | Noticed Breir the pandemonium lord
247959 | Pan      | Killed Breir the pandemonium lord
247976 | Pan      | Gained mutation: Your body is misshapen. [a cacodemon]
248811 | Pan      | Found an exit through the horrors of the Abyss.
249917 | Pan      | Found an exit through the horrors of the Abyss.
250216 | Pan      | Reached skill level 10 in Unarmed Combat
250237 | Pan      | Noticed Shruywibb the pandemonium lord
250303 | Pan      | Killed Shruywibb the pandemonium lord
250837 | Pan      | Found an exit through the horrors of the Abyss.
251614 | Pan      | Noticed Dawnuvualue the pandemonium lord
251639 | Pan      | Killed Dawnuvualue the pandemonium lord
251900 | Pan      | Noticed Ruiniser the pandemonium lord
251918 | Pan      | Killed Ruiniser the pandemonium lord
251990 | Pan      | Found an exit through the horrors of the Abyss.
252528 | Depths:3 | Escaped Pandemonium
252596 | Pan      | Entered the realm of Lom Lobon.
252596 | Pan      | Entered Pandemonium
252684 | Pan      | Found an exit through the horrors of the Abyss.
253241 | Pan      | Noticed Lom Lobon
254147 | Pan      | Got a magical rune of Zot
254682 | Pan      | Found an exit through the horrors of the Abyss.
255730 | Pan      | Found an exit through the horrors of the Abyss.
256571 | Pan      | Entered the realm of Mnoleg.
256700 | Pan      | Noticed Mnoleg
256763 | Pan      | Killed Mnoleg
256824 | Pan      | Got a glowing rune of Zot
257367 | Pan      | Found an exit through the horrors of the Abyss.
259040 | Pan      | Found an exit through the horrors of the Abyss.
259226 | Pan      | Reached skill level 27 in Spellcasting
259305 | Pan      | Entered the realm of Cerebov.
259366 | Pan      | Reached skill level 1 in Summonings
259373 | Pan      | Found an exit through the horrors of the Abyss.
259998 | Pan      | Noticed Cerebov
260044 | Pan      | Reached skill level 5 in Summonings
260992 | Pan      | Got a fiery rune of Zot
261716 | Pan      | Entered the realm of Gloorx Vloq.
262054 | Pan      | Found an exit through the horrors of the Abyss.
262470 | Pan      | Noticed Gloorx Vloq
262480 | Pan      | Killed Gloorx Vloq
262508 | Pan      | Got a dark rune of Zot
262775 | Pan      | Found an exit through the horrors of the Abyss.
262812 | Pan      | Noticed Mnijis the pandemonium lord
262895 | Pan      | Killed Mnijis the pandemonium lord
264409 | Depths:3 | Escaped Pandemonium
264443 | Hell     | Learned a level 4 spell: Control Teleport
264471 | Dis:1    | Entered Level 1 of the Iron City of Dis
264471 | Dis:1    | Found a gateway to Hell.
265669 | Dis:2    | Found a gateway to Hell.
265848 | Dis:2    | Found a gateway to Hell.
265868 | Dis:2    | Found a gateway to Hell.
266190 | Dis:3    | Found a gateway to Hell.
266522 | Dis:3    | Found a gateway to Hell.
266739 | Dis:4    | Found a gateway to Hell.
267131 | Dis:5    | Found a gateway to Hell.
267134 | Dis:6    | Found a gateway to Hell.
267313 | Dis:7    | Entered Level 7 of the Iron City of Dis
267313 | Dis:7    | Found a gateway to Hell.
267579 | Dis:7    | Gained mutation: Your magical capacity is very low (-20% MP). [a cacodemon]
267671 | Dis:7    | Noticed the Serpent of Hell
268585 | Dis:3    | Found a gateway to Hell.
268634 | Dis:4    | Found a gateway to Hell.
268952 | Dis:7    | Found a gateway to Hell.
269498 | Dis:7    | Found a gateway to Hell.
270041 | Dis:4    | Found a gateway to Hell.
270142 | Dis:6    | Found a gateway to Hell.
270195 | Dis:6    | Lost strength.
270334 | Dis:7    | Lost strength.
270339 | Dis:7    | Cast into the Abyss (reaper)
270803 | Abyss:1  | Found a corrupted altar of Lugonu.
270858 | Abyss:1  | Found a corrupted altar of Lugonu.
271379 | Abyss:2  | Found a corrupted altar of Lugonu.
271839 | Abyss:3  | Reached skill level 27 in Fighting
271882 | Abyss:3  | Paralysed by accursed screaming for 2 turns
271883 | Abyss:3  | HP: 2/133 [starcursed mass (10)]
271883 | Abyss:3  | Killed from afar by a starcursed mass
272597 | Abyss:3  | Reached skill level 15 in Evocations
272873 | Dis:7    | Escaped the Abyss
273083 | Dis:7    | Gained mutation: You are frail (-10% HP). [mutagenic glow]
273789 | Dis:7    | Noticed Dispater
273809 | Dis:7    | Got an iron rune of Zot
274160 | Geh:1    | Entered Level 1 of Gehenna
274160 | Geh:1    | Found a gateway to Hell.
275342 | Geh:2    | Found a gateway to Hell.
275479 | Geh:2    | Lost strength.
275551 | Geh:2    | Found a gateway to Hell.
275793 | Geh:2    | Gained mutation: You have an uncontrollable temper. [mutagenic glow]
275977 | Geh:2    | Found a gateway to Hell.
276133 | Geh:3    | Found a gateway to Hell.
276133 | Geh:3    | Found a gateway to Hell.
276952 | Geh:3    | Found a gateway to Hell.
276986 | Geh:3    | Slain by a stone giant skeleton
277233 | Geh:4    | Found a gateway to Hell.
277285 | Geh:5    | Found a gateway to Hell.
277285 | Geh:5    | Found a gateway to Hell.
277308 | Geh:5    | Found a gateway to Hell.
277496 | Geh:6    | Found a gateway to Hell.
277528 | Geh:6    | Found a gateway to Hell.
277625 | Geh:7    | Entered Level 7 of Gehenna
277625 | Geh:7    | Found a gateway to Hell.
277818 | Geh:7    | Lost strength.
278251 | Geh:7    | Noticed Asmodeus
278313 | Geh:7    | HP: 2/134 [hellion/burst of hellfire[Asmodeus] (29)]
280934 | Geh:7    | Identified the Disquisition on Blistering Sinister Arts
280942 | Geh:7    | Got a fine jade ring
280958 | Geh:7    | Identified Pyneh's Papyrus of the Oath
280967 | Geh:7    | Got an obsidian rune of Zot
280986 | Hell     | Identified the ring "Schem" {rPois rN+ Int+3 SInv} (You found it on level 7 of Gehenna)
281647 | Tar:1    | Entered Level 1 of Tartarus
281647 | Tar:1    | Found a gateway to Hell.
282538 | Tar:2    | Found a gateway to Hell.
282632 | Tar:3    | Found a gateway to Hell.
282678 | Tar:4    | Found a gateway to Hell.
283077 | Tar:5    | Lost strength.
283127 | Tar:5    | Found a gateway to Hell.
284229 | Coc:4    | Found a gateway to Hell.
284621 | Coc:4    | Found a gateway to Hell.
284728 | Coc:5    | Found a gateway to Hell.
284804 | Coc:5    | Lost mutation: You heal slowly when monsters are visible. [mutagenic glow]
284907 | Coc:6    | Found a gateway to Hell.
284973 | Coc:6    | Found a gateway to Hell.
285589 | Coc:5    | Found a gateway to Hell.
285593 | Coc:5    | Found a gateway to Hell.
285750 | Coc:7    | Entered Level 7 of Cocytus
285750 | Coc:7    | Found a gateway to Hell.
285750 | Coc:7    | Found a gateway to Hell.
285750 | Coc:7    | Found a gateway to Hell.
287037 | Coc:7    | Gained mutation: Your magical capacity is extremely low (-30% MP). [mutagenic glow]
287115 | Coc:7    | Gained mutation: You are clumsy. (Dex -2) [mutagenic glow]
287651 | Coc:7    | Got a twitching copper ring
287778 | Coc:7    | Noticed Antaeus
287815 | Coc:7    | Killed from afar by Antaeus

Action                   |  1- 3 |  4- 6 |  7- 9 | 10-12 | 13-15 | 16-18 | 19-21 | 22-24 | 25-27 || total
-------------------------+-------+-------+-------+-------+-------+-------+-------+-------+-------++-------
Melee: Unarmed           |     7 |    35 |    20 |   107 |    49 |    10 |    86 |    96 |   405 ||   815
 Cast: Freeze            |    60 |    54 |    97 |   269 |   336 |    47 |    26 |    42 |     9 ||   940
       Throw Frost       |    22 |    71 |    65 |    71 |    49 |    27 |     8 |    10 |       ||   323
       Ozocubu's Armour  |       |     3 |     4 |    32 |    81 |    57 |    99 |   175 |   291 ||   742
       Throw Icicle      |       |       |   165 |   454 |   647 |   251 |   377 |   337 |   792 ||  3023
       Condensation Shie |       |       |     2 |    31 |    74 |    54 |    97 |   165 |   266 ||   689
       Confusing Touch   |       |       |       |       |     7 |       |       |       |       ||     7
       Freezing Cloud    |       |       |       |       |   133 |   197 |   322 |   405 |   434 ||  1491
       Ice Form          |       |       |       |       |     3 |     1 |     1 |       |       ||     5
       Summon Ice Beast  |       |       |       |       |     3 |     2 |       |       |       ||     5
       Haste             |       |       |       |       |     1 |   100 |    33 |    10 |   105 ||   249
       Bolt of Draining  |       |       |       |       |       |   115 |   306 |   739 |   474 ||  1634
       Repel Missiles    |       |       |       |       |       |     4 |     6 |     4 |     2 ||    16
       Simulacrum        |       |       |       |       |       |     1 |    57 |    36 |   692 ||   786
       Animate Dead      |       |       |       |       |       |       |   106 |    83 |   354 ||   543
       Ozocubu's Refrige |       |       |       |       |       |       |     3 |    50 |    26 ||    79
       Dispel Undead     |       |       |       |       |       |       |    45 |   381 |   899 ||  1325
       Mephitic Cloud    |       |       |       |       |       |       |     2 |       |       ||     2
       Shroud of Golubri |       |       |       |       |       |       |     9 |   133 |   245 ||   387
       Bolt of Cold      |       |       |       |       |       |       |       |     9 |     7 ||    16
       Control Undead    |       |       |       |       |       |       |       |       |    96 ||    96
       Corona            |       |       |       |       |       |       |       |       |     5 ||     5
       Recall            |       |       |       |       |       |       |       |       |   147 ||   147
       Flight            |       |       |       |       |       |       |       |       |    31 ||    31
       Death's Door      |       |       |       |       |       |       |       |       |     6 ||     6
       Control Teleport  |       |       |       |       |       |       |       |       |     4 ||     4
Invok: Animate Remains   |       |       |       |    50 |       |       |       |       |       ||    50
       Animate Dead      |       |       |       |    33 |   150 |   117 |    17 |       |       ||   317
       Recall Undead Sla |       |       |       |     2 |    28 |    62 |    12 |       |       ||   104
       Drain Life        |       |       |       |     1 |       |       |       |       |       ||     1
       Enslave Soul      |       |       |       |       |     3 |    13 |     1 |       |       ||    17
       Receive Corpses   |       |       |       |       |       |       |    27 |    23 |   244 ||   294
       Torment           |       |       |       |       |       |       |       |     3 |       ||     3
 Abil: Jump Attack       |     4 |     5 |     2 |     4 |     6 |     1 |     5 |    11 |    25 ||    63
       End Transformatio |       |       |       |       |       |       |     1 |       |       ||     1
       Evoke Invisibilit |       |       |       |       |       |       |       |    12 |    10 ||    22
       Blink             |       |       |       |       |       |       |       |     4 |     3 ||     7
Evoke: Wand              |       |     2 |     9 |     7 |    29 |     7 |     8 |    36 |    41 ||   139
       Lamp of fire      |       |       |       |     1 |     2 |     1 |     3 |     4 |    15 ||    26
       Box of beasts     |       |       |       |       |     7 |     2 |       |       |       ||     9
       Deck              |       |       |       |       |     1 |       |     1 |       |    16 ||    18
       Sack of spiders   |       |       |       |       |       |       |     4 |     8 |    23 ||    35
       Phial of floods   |       |       |       |       |       |       |     1 |     7 |     8 ||    16
       Fan of gales      |       |       |       |       |       |       |       |     2 |    13 ||    15
       Disc of storms    |       |       |       |       |       |       |       |       |     6 ||     6
       Stone of tremors  |       |       |       |       |       |       |       |       |     3 ||     3
       Horn of Geryon    |       |       |       |       |       |       |       |       |     1 ||     1
  Use: Scroll            |       |    10 |     1 |    17 |    19 |     7 |    14 |    33 |    72 ||   173
       Potion            |       |     1 |       |       |     1 |     4 |     9 |    24 |    38 ||    77
 Stab: Sleeping          |       |     1 |       |       |       |       |       |       |     6 ||     7
       Distracted        |       |     1 |       |       |       |     1 |     3 |     2 |     5 ||    12
       Betrayed ally     |       |       |       |       |       |       |       |       |     2 ||     2
       Invisible         |       |       |       |       |       |       |       |       |     1 ||     1
  Eat: Chunk             |     9 |    14 |    22 |    75 |   117 |   164 |   176 |   179 |   259 ||  1015
       Meat ration       |       |       |     2 |       |     2 |     2 |     5 |     4 |    16 ||    31
       Royal jelly       |       |       |     1 |       |     2 |     4 |     1 |       |       ||     8
       Pizza             |       |       |     1 |       |       |     1 |       |     3 |     5 ||    10
       Beef jerky        |       |       |       |       |     3 |       |     3 |    11 |     2 ||    19
